 Dungeon Crawl Stone Soup version 0.32-a0-314-g526f7d4993 (webtiles) character file.

Game seed: 17448543778994472850

2107051 cforsyth the Marid (level 27, 228/228 HPs)
             Began as a Djinni Ice Elementalist on Feb 15, 2024.
             Was a Believer of Zin.
             Escaped with the Orb
             ... and 4 runes on Feb 16, 2024!
             The game lasted 04:05:49 (88429 turns).

cforsyth the Marid (Djinni Ice Elementalist)       Turns: 88429, Time: 04:05:49

Health: 228/228    AC: 19    Str:  5    XL:     27
Gold:   7429       EV: 25    Int: 39    God:    Zin [**....] SH: 18 Dex: 16

rFire   + + +        a - staff of the Assorted Lies {rC+ Int+2 Ice, !a}
rCold   + + .        N - +3 kite shield "Hibbum" {Int+3}
rNeg    + . .        y - +3 troll leather armour
rPois   ∞            H - +3 crown of Dyrovepreva {rElec Int+2 SInv}
rElec   +            K - +2 cloak {rC+}
rCorr   .            F - +2 pair of gloves {Stlth+}
SInv    +            (boots unavailable)
Will    +++..        c - amulet of Jipan {*Slow rF+ rN+ Regen+ Int+3}
Stlth   +            o - ring "Fader" {rC+ Slay+4}
HPRegen 2.18/turn    W - ring of willpower
MPRegen 0.00/turn

%: slow self (1%)
@: flying, studying Ice Magic
A: sickness immunity, fire resistance 2, cold vulnerability 1, float, innate
caster, HP casting, extra vitality 1, beak, weak 1, sturdy frame 1
0: Orb of Zot
}: 4/15 runes: decaying, slimy, silver, gossamer
a: Renounce Religion, Recite, Vitalisation, Donate Gold


You escaped.
You worshipped Zin.
Zin was pleased with you.
You visited 12 branches of the dungeon, and saw 56 of its levels.
You visited 1 bazaar.
You visited 1 ziggurat, and saw 12 of its levels.
You also visited: Gauntlet and Ice Cave.

You collected 10733 gold pieces.
You spent 3181 gold pieces at shops.
You donated 123 gold pieces to Zin.


Innate Abilities, Weirdness & Mutations

You are immune to sickness and miasma.
You are immune to poison.
Your flesh is very heat resistant. (rF++)
You are vulnerable to cold. (rC-)
You float through the air rather than walking.
You learn spells naturally, not from books.
Your magical power is your life essence.
You have superior vitality. (+4 MHP)
You have a beak for a mouth.
You are weak. (Str -2)
Your movements are slightly less encumbered by armour. (ER -2)


   Skills:
 O Level 27 Fighting
 + Level 18.0 Armour
 + Level 23.9 Dodging
 - Level 1.5 Stealth
 + Level 17.7 Shields
 O Level 27 Spellcasting
 O Level 27 Conjurations
 O Level 27 Hexes
 O Level 27 Summonings
 O Level 27 Necromancy
 O Level 27 Translocations
 O Level 27 Fire Magic
 O Level 27 Ice Magic
 O Level 27 Air Magic
 O Level 27 Earth Magic
 O Level 27 Alchemy


You knew the following spells:

 Your Spells              Type           Power      Damage    Failure   Level
a - Curse of Agony        Necr           100%       N/A       0%          5
b - Summon Ice Beast      Ice/Summ       100%       N/A       0%          3
c - Bombard               Conj/Erth      66%        9d11      0%          6
d - Polar Vortex          Ice            78%        12d10*    1%          9
f - Freeze                Ice            100%       1d10      0%          1
l - Lesser Beckoning      Tloc           100%       N/A       0%          2
m - Monstrous Menagerie   Summ           66%        N/A       0%          7
o - Ozocubu's Armour      Ice            100%       N/A       0%          3
p - Maxwell's Capacitive  Air            66%        ∞         1%          8
r - Frozen Ramparts       Ice            100%       1d16      0%          3
s - Fire Storm            Conj/Fire      66%        8d17      1%          9
t - Summon Forest         Summ/Tloc      66%        N/A       0%          5
z - Ozocubu's Refrigerat  Ice            78%        4d24      0%          7
D - Discord               Hex            66%        N/A       1%          8
X - Necrotise             Necr           100%       1d9       0%          1
Y - Jinxbite              Hex            100%       N/A       0%          2
Z - Anguish               Hex/Necr       66%        N/A       0%          4
Your spell library was empty.

Inventory:

Hand Weapons
 M - the +7 lajatang of Order {silver, rMut}
   (You found it on level 15 of the Dungeon)

   rMut:      It protects you from mutation.
 R - the +6 Majin-Bo {spellvamp, MP+6 Int+6}
   (You took it off a vault sentinel on level 5 of the Vaults)

   Int+6:     It affects your intelligence (+6).
   MP+6:      It affects your magic capacity (+6).
   Zin disapproves of the use of such an item.
Armour
 y - a +3 troll leather armour (worn)
 F - a +2 pair of gloves of stealth (worn)
 H - the +3 crown of Dyrovepreva (worn) {rElec Int+2 SInv}
   (You found it in a Gauntlet)

   Int+2:     It affects your intelligence (+2).
   rElec:     It insulates you from electricity.
   SInv:      It lets you see invisible.
 K - a +2 cloak of cold resistance (worn)
 N - the +3 kite shield "Hibbum" (worn) {Int+3}
   (You acquired it on level 14 of the Dungeon)

   Int+3:     It affects your intelligence (+3).
Magical Staves
 a - the staff of the Assorted Lies (weapon) {rC+ Int+2 Ice, !a}
   (You acquired it on level 15 of the Dungeon)

   [staff of cold]

   Base accuracy: +5 Base damage: 5 Base attack delay: 1.2 This weapon's minimum
   attack delay (0.6) is reached at skill level 12.
   Int+2:     It affects your intelligence (+2).
   rC+:       It protects you from cold.
   Ice:       It increases the power of your Ice spells.
   It falls into the 'Staves' category.
   It is a one-handed weapon.
 J - the staff of the Rattlesnake {Conj Alchemy, !a}
   (You found it on level 5 of the Pits of Slime)

   [staff of conjuration]

   Base accuracy: +5 Base damage: 5 Base attack delay: 1.2 This weapon's minimum
   attack delay (0.6) is reached at skill level 12.
   Conj:      It increases the power of your Conjurations spells.
   Alchemy:   It increases the power of your Alchemy spells.
   It falls into the 'Staves' category.
   It is a one-handed weapon.
 Y - the staff of Intuition {rPois rF+ Alchemy, !a}
   (You found it on level 11 of a ziggurat)

   [staff of alchemy]

   Base accuracy: +5 Base damage: 5 Base attack delay: 1.2 This weapon's minimum
   attack delay (0.6) is reached at skill level 12.
   rF+:       It protects you from fire.
   rPois:     It protects you from poison Alchemy: It increases the power of
   your Alchemy spells.
   It falls into the 'Staves' category.
   It is a one-handed weapon.
Jewellery
 c - the amulet of Jipan (around neck) {*Slow rF+ rN+ Regen+ Int+3}
   (You took it off a tengu reaver on level 5 of the Vaults)

   [amulet of regeneration]

   Int+3:     It affects your intelligence (+3).
   rF+:       It protects you from fire.
   rN+:       It protects you from negative energy.
   Regen+:    It increases your rate of health regeneration.
   *Slow:     It may slow you when you take damage.
 m - the ring of Kunerebb {rC+ Will+ Dex+5}
   (You found it on level 6 of a ziggurat)

   [ring of willpower]

   Dex+5:     It affects your dexterity (+5).
   rC+:       It protects you from cold.
   Will+:     It increases your willpower.
 o - the ring "Fader" (left hand) {rC+ Slay+4}
   (You acquired it on level 12 of the Dungeon)

   [ring of slaying]

   Slay+4:    It affects your accuracy & damage with ranged weapons and melee
   (+4).
   rC+:       It protects you from cold.
 z - the ring of Umeotson {rPois rF- rN+++ EV+5 Str+3}
   (You found it on level 3 of a ziggurat)

   [ring of evasion]

   EV+5:      It affects your evasion (+5).
   Str+3:     It affects your strength (+3).
   rF-:       It makes you vulnerable to fire.
   rPois:     It protects you from poison rN+++: It renders you almost immune to
   negative energy.
 E - a ring of the Octopus King {HP+2 MP+9 AC+2 EV+2 SH+2}
   (You found it on level 4 of a ziggurat)

   [ring of magical power]

   AC+2:      It affects your AC (+2).
   EV+2:      It affects your evasion (+2).
   HP+2:      It affects your health (+2).
   MP+9:      It affects your magic capacity (+9).
   SH+2:      It affects your SH (+2).
 L - the ring of Moiz {rCorr Int+5}
   (You took it off a vault sentinel on level 5 of the Vaults)

   [ring of resist corrosion]

   Int+5:     It affects your intelligence (+5).
   rCorr:     It protects you from acid and corrosion.
 V - the ring "Qaywocsu" {rN+ Str+4}
   (You found it on level 15 of the Dungeon)

   [ring of positive energy]

   Str+4:     It affects your strength (+4).
   rN+:       It protects you from negative energy.
 W - a ring of willpower (right hand)
Wands
 A - a wand of light (85)
 O - a wand of digging (64)
Scrolls
 b - 4 scrolls of blinking
 g - 3 scrolls of silence {!r}
 k - 32 scrolls of teleportation {@r2}
 n - 7 scrolls of immolation
 t - 12 scrolls of vulnerability
 u - 12 scrolls of noise
 w - 16 scrolls of poison
 x - 5 scrolls of enchant armour
 B - 11 scrolls of fog
 G - 3 scrolls of enchant weapon
 P - 44 scrolls of identify {@r1}
 Q - 2 scrolls of summoning
 S - 3 scrolls of fear
 Z - 7 scrolls of revelation
Potions
 d - 4 potions of resistance
 e - 11 potions of mutation
 f - 8 potions of might
 h - 7 potions of cancellation
 i - 4 potions of invisibility
 j - 6 potions of attraction
 l - 12 potions of haste {@q3}
 p - 5 potions of berserk rage {!q}
 q - 6 potions of brilliance
 r - 9 potions of heal wounds {@q2}
 s - 6 potions of lignification
 v - 25 potions of curing {@q1}
 I - 3 potions of magic
 T - 6 potions of ambrosia
 U - 5 potions of enlightenment
Miscellaneous
 C - a phantom mirror
 D - a lightning rod (4/4)
 X - a phial of floods

Dungeon Overview and Level Annotations

Branches:
Dungeon (15/15)            Temple (1/1) D:4            Lair (5/5) D:10
  Swamp (4/4) Lair:3       Spider (4/4) Lair:3        Slime (5/5) Lair:4
    Orc (2/2) D:10            Elf (3/3) Orc:2        Vaults (5/5) D:14
  Crypt (3/3) Vaults:3       Tomb (0/3) Crypt:3      Depths (4/4) D:15
    Zot (5/5) Depths:4      IceCv (visited)         Gauntlet (visited)

Altars:
Ashenzari
Cheibriados
Dithmenos
Elyvilon
Fedhas
Gozag
Hepliaklqana
Makhleb
Nemelex Xobeh
Okawaru
Qazlal
Ru
Trog
Uskayaw
Wu Jian
Xom
Yredelemnul
Zin
The Shining One
Jiyva

Shops:
D:7 :   Orc:1 *   Orc:2 ((*:   Elf:1 =   Elf:2 *   Elf:3 (   Vaults:1 ?([
Depths:2 !

Portals:
Hell: Depths:1 Depths:2 Depths:3 Depths:4
Abyss: Depths:1 Depths:3
Pandemonium: Depths:2

........#..~~~≈≈≈≈≈≈≈≈≈≈#.....#≈≈
....)...#.~~≈≈≈≈≈≈≈≈≈≈≈≈#.....#≈≈
..........~~≈≈≈≈≈≈≈≈≈≈≈≈##.÷.##≈≈
.........~~~≈≈≈≈≈≈≈≈≈≈≈≈≈##'##~≈≈
...##.##.~~≈≈≈≈≈≈≈≈≈≈≈≈≈~~...~~≈≈
...##.##.~~≈≈≈#####≈~≈≈~~....~~~≈
...##.#..~~≈≈##...##.~~~....~~≈≈≈
#####.#.~~≈≈≈#.....#.~~~....~~~≈≈
#.#.~≈≈≈≈#.>@..'........~~~≈≈
#####.#.~~≈≈≈#.....#......÷..~~~~
......#..~~≈≈##...##~.~.........~
......##.~~≈≈≈#####≈~~~~~~......#
......##.~~≈~≈≈≈≈≈≈≈≈≈≈~~~~.....#
......##..~~≈~~≈≈≈≈≈≈≈≈~≈~~~....'
........#.~~≈~~~≈≈≈≈≈≈≈≈≈≈~~....#
..:.....#..~~~≈~≈≈≈≈≈≈≈≈≈≈~~....#
......[.##..~~~~~~≈≈≈≈≈≈≈≈≈~~....


There were no monsters in sight!


Message History

The blast of flame misses you.
There is a staircase back to the Dungeon here.
The hellephant breathes flames at you. The blast of flame misses you.
You fly upwards.
Welcome back to the Dungeon!
There is a staircase to the Ecumenical Temple here.
There is a stone staircase leading up here.
You fly upwards.
There is a stone staircase leading down here.
A smoke demon comes into view.
The smoke demon roars!
The smoke demon moves out of view.
There is a stone staircase leading up here.
You fly upwards.
There is a stone staircase leading down here.
There is a stone staircase leading up here.
You fly upwards.
There is a stone staircase leading down here.
Okay, then.
You see here a +0 war axe.
A smoke demon comes into view.
The smoke demon gestures at you. The pyre arrow hits you.
The iron shot hits the smoke demon!!!
You kill the smoke demon!
The blast sends you backwards.
You can't see any susceptible monsters within range! (Use Z to cast anyway.)
There is an open door here.
There is a staircase leading out of the dungeon here.
You have escaped!

Skill      XL: |  1  2  3  4  5  6  7  8  9 10 11 12 13 14 15 16 17 18 19 20 21 22 23 24 25 26 27 |
---------------+----------------------------------------------------------------------------------+-----
Fighting       | 1 2 3 4 5 7 9 11 13 14 16 17 19 20 27 | 27.0
Spellcasting   | 4 5 6 7 9 10 11 13 14 15 16 17 18 19 20 22 23 25 27 | 27.0
Conjurations   | 4 5 6 7 9 10 11 13 14 15 16 17 18 19 20 22 23 25 27 | 27.0
Hexes          | 4 5 6 7 9 10 11 13 14 15 16 17 18 19 20 22 23 25 27 | 27.0
Summonings     | 4 5 6 7 9 10 11 13 14 15 16 17 18 19 20 22 23 25 27 | 27.0
Necromancy     | 4 5 6 7 9 10 11 13 14 15 16 17 18 19 20 22 23 25 27 | 27.0
Translocations | 4 5 6 7 9 10 11 13 14 15 16 17 18 19 20 22 23 25 27 | 27.0
Fire Magic     | 4 5 6 7 9 10 11 13 14 15 16 17 18 19 20 22 23 25 27 | 27.0
Ice Magic      | 4 5 6 7 9 10 11 13 14 15 16 17 18 20 21 23 25 27 | 27.0
Air Magic      | 4 5 6 7 9 10 11 13 14 15 16 17 18 19 20 22 23 25 27 | 27.0
Earth Magic    | 4 5 6 7 9 10 11 13 14 15 16 17 18 19 20 22 23 25 27 | 27.0
Alchemy        | 4 5 6 7 9 10 11 13 14 15 16 17 18 19 20 22 23 25 27 | 27.0
Shields        | 4 8 10 12 17 | 17.7
Dodging        | 5 9 11 13 16 18 19 23 | 23.9
Armour         | 2 7 8 18 | 18.0
Stealth        | |  1.5

Action                     |  1- 3 |  4- 6 |  7- 9 | 10-12 | 13-15 | 16-18 | 19-21 | 22-24 | 25-27 || total
---------------------------+-------+-------+-------+-------+-------+-------+-------+-------+-------++-------
  Melee: Unarmed           |    12 |    13 |       |       |       |       |       |       |       ||    25
         Whip              |       |       |    57 |   168 |   119 |     2 |       |       |       ||   346
         Staff             |       |       |       |       |       |     1 |       |       |       ||     1
   Cast: Freeze            |    35 |   123 |   101 |    46 |    50 |       |       |       |       ||   355
         Summon Ice Beast  |       |       |    26 |    92 |   110 |    38 |     7 |       |       ||   273
         Frozen Ramparts   |       |       |    15 |    83 |    16 |       |       |       |       ||   114
         Ozocubu's Armour  |       |       |     1 |    38 |     7 |     4 |     6 |     6 |     1 ||    63
         Summon Forest     |       |       |       |       |    91 |    26 |    11 |     3 |       ||   131
         Bombard           |       |       |       |       |    92 |   156 |   162 |   254 |   441 ||  1105
         Ozocubu's Refrige |       |       |       |       |       |   257 |   398 |   454 |   523 ||  1632
         Monstrous Menager |       |       |       |       |       |       |    28 |     6 |       ||    34
         Maxwell's Capacit |       |       |       |       |       |       |     3 |     3 |     4 ||    10
         Polar Vortex      |       |       |       |       |       |       |       |       |    13 ||    13
         Fire Storm        |       |       |       |       |       |       |       |       |   351 ||   351
  Evoke: Wand              |       |       |       |     2 |     8 |       |       |       |    10 ||    20
    Use: Scroll            |       |       |       |    17 |     9 |    15 |     2 |     1 |    11 ||    55
         Potion            |       |       |       |     1 |     3 |     6 |       |     4 |    12 ||    26
   Stab: Distracted        |       |       |       |     5 |     2 |       |       |       |       ||     7
 Armour: Robe              |    20 |       |   106 |   125 |       |       |       |       |       ||   251
         Skin              |       |    44 |       |       |       |       |       |       |       ||    44
         Steam dragon scal |       |       |       |    76 |   229 |    97 |    74 |    87 |    53 ||   616
         Troll leather arm |       |       |       |       |       |       |       |       |   146 ||   146
  Dodge: Dodged            |    17 |    72 |    95 |   141 |   144 |    57 |    43 |    64 |   166 ||   799
  Block: Other             |     2 |    18 |    39 |    34 |    59 |     7 |       |       |       ||   159
         Reflection        |       |     2 |       |     4 |     8 |     3 |       |       |       ||    17
         Kite shield       |       |       |       |       |       |    43 |    74 |    58 |   167 ||   342

Levels and vault maps discovered:
D:1:      minmay_arrival_shoal_huts, layout_basic, hex_intersection,
          minmay_vboxes
D:2:      kennysheep_the_goblin_king, layout_basic,
          ebering_ecumenical_altar_ruins
D:3:      minmay_spotlight, layout_basic, jmf_multi_god_temple2
D:4:      layout_loops_cross, minmay_temple_entry_waves,
          gammafunk_ghost_mausoleum, minmay_bent
D:5:      layout_basic, grunt_temple_overflow_open,
          minmay_misc_feat_secret_circle
D:6:      layout_loops_ring
D:7:      layout_loops_ring, minitemple, nicolae_shop_vocational
D:8:      layout_rooms, serial_co_window_serial, co_window_paths_b,
          co_window_corner_a, co_window_paths_b, co_window_paths_a,
          co_window_paths_b, co_window_broadway_a, co_window_of_opportunity_c,
          co_window_broadway_c, co_window_unsneaky_path_d, co_window_2corner,
          co_window_corner_b, co_window_unsneaky_path_e, co_window_paths_e,
          glass_columns_a, glass_columns_a, glass_columns_c
D:9:      layout_basic, nicolae_vehumet_radiance, fedhas_bush_and_centaur_altar,
          roadster_trireme, uniq_grum
D:10:     layout_stronghold, nicolae_overflow_crystal_walls, erik_lair_island,
          kennysheep_orc_monster_closet_entryway, columned_hall_lemuel,
          uniq_urug, uniq_josephine, uniq_maggie
D:11:     layout_loops_ring, gammafunk_ghost_spectres, nicolae_ru_awakened_eye
D:12:     minmay_imperfect_grid, layout_basic, serial_shops, bzr_entry_lakeside
D:13:     layout_roguey, gammafunk_ghost_wrathful_warriors,
          nicolae_xom_altar_mimics
D:14:     layout_rooms, david_vaults_4, gauntlet_entry_generic,
          lemuel_blue_sif_altar, kennysheep_generic_room_13
D:15:     vault_1, layout_basic, hangedman_feature_mirror
Temple:   nicolae_temple_no_exploring_needed
Lair:1:   layout_regular_city, st_stairs_13, patterned_corridor, uniq_harold
Lair:2:   layout_long_grid, uniq_gastronok
Lair:3:   layout_hall_layers, palyth_hydra_swamp_entry, dummy_spider_entry,
          kennysheep_abandoned_house, lemuel_fruit_tree
Lair:4:   dreamdust_isle_of_ice, layout_layer_cave,
          nicolae_slime_entry_field_trip, serial_bayou_shore_b,
          grunt_megastairs_3, infiniplex_staircase_pool_2
Lair:5:   cheibrodos_lair_end_hotspot, layout_layer_cave,
          kilobyte_rumbling_trees
Swamp:1:  layout_falls_marsh, nicolae_swamp_godswood
Swamp:2:  layout_basic_swamp, portal_ice_cave_entry_pillars_1,
          evilmike_swamp_ruin_house_6, uniq_roxanne
Swamp:3:  cheibrodos_swamp_heart_of_darkness, layout_basic_swamp,
          evilmike_swamp_ruin_house_1, nicolae_swamp_catching_bugs
Swamp:4:  grunt_swamp_rune_castle, layout_basic_swamp, uniq_aizul, uniq_donald
Spider:1: layout_spider_delve, gammafunk_ghost_arena, drop_trap
Spider:2: layout_spider_delve, uniq_jorgrun, uniq_frances
Spider:3: layout_spider_delve, drop_trap
Spider:4: guppyfry_spider_rune
Slime:1:  layout_caves
Slime:2:  layout_caves
Slime:3:  layout_caves
Slime:4:  layout_caves
Slime:5:  slime_pit_nicolae_inversion
Orc:1:    layout_caves, serial_shops, nicolae_shop_waterfront
Orc:2:    st_orc_ogre_mass, layout_diamond_mine
Elf:1:    layout_gridlike, serial_shops, nicolae_shop_waterfront,
          minmay_elf_demonology, grunt_megastairs_4, uniq_nikola
Elf:2:    nicolae_elf_blades_crystal_corner, layout_geoelf_grid, serial_shops,
          shop
Elf:3:    minmay_elf_hall_curves, layout_onion_city, basic_altar, serial_shops,
          shop, grunt_ministairs_14, nicolae_elf_loose_elemental_storage
Vaults:1: v_rooms_4, nicolae_vaults_variable_pillar_hall,
          nicolae_vaults_security_offices_1, nicolae_vaults_hexular_roomagon,
          nicolae_vaults_closet_pinwheel_2, nicolae_vaults_specimen_jars,
          nicolae_vaults_little_squares_4, nicolae_vaults_closet_pinwheel_1,
          layout_vaults_chaotic_city, serial_shops, shop,
          nicolae_shop_mannequins, shop
Vaults:2: ebering_ghost_inner_flame, nicolae_vaults_trapezoid_4,
          ontoclasm_vaults_claustrophobia, nicolae_vaults_twisting_passages,
          v_misc_26, nicolae_vaults_trapezoid_lopsided_3,
          vaults_room_semicircle, nicolae_vaults_storage_closets_2,
          hangedman_vaults_pinch, nicolae_vaults_frosty_reception, v_misc_30,
          ontoclasm_vaults_ring_square, ontoclasm_vaults_pinch,
          nicolae_vaults_ring_of_whatevers, st_lattice, layout_vaults_omnibox,
          uniq_xtahua
Vaults:3: nicolae_vaults_network_barrier, nicolae_vaults_house_3,
          ontoclasm_vaults_ring_square, grunt_vaults_hallway_short,
          minmay_crypt_entry_nasty_monster, nicolae_vaults_rhombus_6,
          grunt_vaults_twisty, nicolae_vaults_double_plus_1, serial_ice_h,
          nicolae_vaults_layer_cake_slice, nicolae_vaults_closet_pinwheel_2,
          nicolae_vaults_little_guard_posts, nicolae_vaults_alarming,
          ontoclasm_vaults_idyll, layout_vaults_omnicross, uniq_sojobo,
          uniq_zenata, uniq_norris, uniq_margery
Vaults:4: nicolae_vaults_network_star, ontoclasm_vaults_ring_square, v_misc_9,
          ontoclasm_vaults_eye, v_misc_2, nicolae_vaults_more_shelving_1,
          vaults_room_hallway, v_misc_10, nicolae_vaults_double_plus_1,
          layout_vaults_omnigrid
Vaults:5: uniq_bai_suzhen
Crypt:1:  hangedman_staggered_hall, layout_misc_corridors, lemuel_dead_fish_pool
Crypt:2:  cheibrodos_crypt_eye_of_stone, layout_gridlike
Crypt:3:  evilmike_haunted_forest
Depths:1: layout_roguey, hangedman_coc_ice_floe, abyss_entry_small_statue_room,
          nicolae_figureground_pulse, nzn_wu_jian_contemplation
Depths:2: minmay_the_grid_octo_tiled_squarecenter
          [minmay_the_grid_octo_clover_2, minmay_the_grid_octo_77,
          minmay_the_grid_octo_checkered, minmay_the_grid_octo_concentric,
          minmay_the_grid_square_5x5_megaprize_diamond,
          minmay_the_grid_square_5x5_minibox, minmay_the_grid_square_5x5_mess,
          minmay_the_grid_square_5x5_n, minmay_the_grid_square_5x5_pentomino_r],
          layout_gridville, enter_ziggurat_d, serial_shops,
          nicolae_shop_advertising_works [nicolae_subvault_shop_adworks],
          hangedman_geh_valley, rand_demon_pan_entry_8,
          kennysheep_generic_room_15, uniq_saint_roka, uniq_vv, uniq_asterion
Depths:3: gammafunk_its_a_trap, layout_cave_pools, abyss_entry,
          kennysheep_minor_cross, hell_entry, hangedman_aviary
Depths:4: grunt_zot_entry_funnels, layout_cross, minmay_hedge_maze, hell_entry
Zot:1:    layout_misc_corridors, grunt_megastairs_5
Zot:2:    lemuel_draconian_sentries, layout_misc_corridors
Zot:3:    layout_misc_corridors, gammafunk_ghost_crypt, grunt_megastairs_2,
          uniq_grunn
Zot:4:    layout_basic, gammafunk_ghost_necromancy,
          regret_index_zotdec_carving_tricks, regret_index_zotdec_iron_s,
          amethyst_zot_foddershock, uniq_parghit
Zot:5:    layout_gridlike

Notes
Turn   | Place    | Note
-------+----------+-------------------------------------------
     0 | D:1      | cforsyth the Djinni Ice Elementalist began the quest for
                  | the Orb.
     0 | D:1      | cforsyth set off with the following spells memorised:
                  | Freeze, Frozen Ramparts, Ozocubu's Armour, Summon Ice
                  | Beast.
     0 | D:1      | Reached XP level 1. HP: 15/15 MP: 0/0
    56 | D:1      | Reached XP level 2. HP: 17/22 MP: 0/0
    93 | D:1      | Reached skill level 1 in Fighting
   494 | D:1      | Reached XP level 3. HP: 9/27 MP: 0/0
   494 | D:1      | Learned a level 1 spell: Necrotise
  1065 | D:2      | Reached skill level 2 in Fighting
  1065 | D:2      | Reached skill level 4 in Spellcasting
  1065 | D:2      | Reached skill level 4 in Conjurations
  1065 | D:2      | Reached skill level 4 in Hexes
  1065 | D:2      | Reached skill level 4 in Summonings
  1065 | D:2      | Reached skill level 4 in Necromancy
  1065 | D:2      | Reached skill level 4 in Translocations
  1065 | D:2      | Reached skill level 4 in Fire Magic
  1065 | D:2      | Reached skill level 4 in Ice Magic
  1065 | D:2      | Reached skill level 4 in Air Magic
  1065 | D:2      | Reached skill level 4 in Earth Magic
  1065 | D:2      | Reached skill level 4 in Alchemy
  1120 | D:2      | Reached XP level 4. HP: 32/33 MP: 0/0
  1643 | D:2      | Reached XP level 5. HP: 38/40 MP: 0/0
  1643 | D:2      | Learned a level 2 spell: Lesser Beckoning
  1806 | D:2      | Reached skill level 3 in Fighting
  1950 | D:2      | Found a faded altar of an unknown god.
  2458 | D:3      | Found the +1 Delatra's gloves {ID++}
  2558 | D:3      | Found an ornate altar of the Wu Jian Council.
  2571 | D:3      | Found a sacrificial altar of Ru.
  3025 | D:4      | Found a staircase to the Ecumenical Temple.
  3119 | D:4      | Reached XP level 6. HP: 31/47 MP: 0/0
  3123 | D:4      | Reached skill level 4 in Fighting
  3445 | D:4      | Reached skill level 5 in Spellcasting
  3445 | D:4      | Reached skill level 5 in Conjurations
  3445 | D:4      | Reached skill level 5 in Hexes
  3445 | D:4      | Reached skill level 5 in Summonings
  3445 | D:4      | Reached skill level 5 in Necromancy
  3445 | D:4      | Reached skill level 5 in Translocations
  3445 | D:4      | Reached skill level 5 in Fire Magic
  3445 | D:4      | Reached skill level 5 in Ice Magic
  3445 | D:4      | Reached skill level 5 in Air Magic
  3445 | D:4      | Reached skill level 5 in Earth Magic
  3445 | D:4      | Reached skill level 5 in Alchemy
  3513 | D:4      | Noticed a black bear
  3520 | D:4      | Killed a black bear
  3521 | D:4      | Reached XP level 7. HP: 42/53 MP: 0/0
  3521 | D:4      | Learned a level 2 spell: Jinxbite
  3592 | D:4      | Identified the +2 whip of Taaz {flame, rElec rN+}
  3759 | D:4      | Found a transporter.
  3762 | D:4      | Noticed SigmundSlayer's ghost (amateur DsEE)
  3868 | D:5      | Entered Level 5 of the Dungeon
  3948 | D:5      | Reached skill level 5 in Fighting
  4228 | D:5      | Found a sparkling altar of Nemelex Xobeh.
  4245 | D:5      | Found a broken altar of Ashenzari.
  4491 | D:5      | Reached XP level 8. HP: 60/61 MP: 0/0
  4571 | D:6      | Reached skill level 6 in Fighting
  4796 | D:6      | Reached skill level 6 in Spellcasting
  4796 | D:6      | Reached skill level 6 in Conjurations
  4796 | D:6      | Reached skill level 6 in Hexes
  4796 | D:6      | Reached skill level 6 in Summonings
  4796 | D:6      | Reached skill level 6 in Necromancy
  4796 | D:6      | Reached skill level 6 in Translocations
  4796 | D:6      | Reached skill level 6 in Fire Magic
  4796 | D:6      | Reached skill level 6 in Ice Magic
  4796 | D:6      | Reached skill level 6 in Air Magic
  4796 | D:6      | Reached skill level 6 in Earth Magic
  4796 | D:6      | Reached skill level 6 in Alchemy
  5306 | D:6      | Reached skill level 7 in Fighting
  5617 | D:7      | Reached XP level 9. HP: 62/68 MP: 0/0
  5617 | D:7      | Learned a level 4 spell: Anguish
  5716 | D:7      | Reached skill level 8 in Fighting
  5716 | D:7      | Reached skill level 7 in Spellcasting
  5716 | D:7      | Reached skill level 7 in Conjurations
  5716 | D:7      | Reached skill level 7 in Hexes
  5716 | D:7      | Reached skill level 7 in Summonings
  5716 | D:7      | Reached skill level 7 in Necromancy
  5716 | D:7      | Reached skill level 7 in Translocations
  5716 | D:7      | Reached skill level 7 in Fire Magic
  5716 | D:7      | Reached skill level 7 in Ice Magic
  5716 | D:7      | Reached skill level 7 in Air Magic
  5716 | D:7      | Reached skill level 7 in Earth Magic
  5716 | D:7      | Reached skill level 7 in Alchemy
  6029 | D:7      | Found Tyfir's Vocational Training.
  6381 | D:7      | Found a stormy altar of Qazlal.
  6717 | D:7      | Reached skill level 9 in Fighting
  7231 | D:8      | Reached XP level 10. HP: 74/78 MP: 0/0
  7232 | D:8      | Reached skill level 8 in Spellcasting
  7232 | D:8      | Reached skill level 8 in Conjurations
  7232 | D:8      | Reached skill level 8 in Hexes
  7232 | D:8      | Reached skill level 8 in Summonings
  7232 | D:8      | Reached skill level 8 in Necromancy
  7232 | D:8      | Reached skill level 8 in Translocations
  7232 | D:8      | Reached skill level 8 in Fire Magic
  7232 | D:8      | Reached skill level 8 in Ice Magic
  7232 | D:8      | Reached skill level 8 in Air Magic
  7232 | D:8      | Reached skill level 8 in Earth Magic
  7232 | D:8      | Reached skill level 8 in Alchemy
  7241 | D:8      | Reached skill level 10 in Fighting
  8929 | D:9      | Reached skill level 9 in Spellcasting
  8929 | D:9      | Reached skill level 9 in Conjurations
  8929 | D:9      | Reached skill level 9 in Hexes
  8929 | D:9      | Reached skill level 9 in Summonings
  8929 | D:9      | Reached skill level 9 in Necromancy
  8929 | D:9      | Reached skill level 9 in Translocations
  8929 | D:9      | Reached skill level 9 in Fire Magic
  8929 | D:9      | Reached skill level 9 in Ice Magic
  8929 | D:9      | Reached skill level 9 in Air Magic
  8929 | D:9      | Reached skill level 9 in Earth Magic
  8929 | D:9      | Reached skill level 9 in Alchemy
  9134 | D:9      | Found an iron altar of Okawaru.
  9251 | D:9      | Identified the +2 short sword of Fiyme {holy, rF++ rN+}
  9270 | D:9      | Found a blossoming altar of Fedhas.
  9511 | D:9      | Reached skill level 11 in Fighting
  9726 | D:9      | Reached XP level 11. HP: 72/87 MP: 0/0
  9726 | D:9      | Learned a level 5 spell: Curse of Agony
  9869 | D:9      | Noticed Grum
  9879 | D:9      | Killed Grum
 10054 | D:10     | Entered Level 10 of the Dungeon
 10159 | D:10     | Found a white marble altar of Elyvilon.
 10282 | D:10     | Found a staircase to the Lair.
 10702 | D:10     | Reached skill level 12 in Fighting
 10731 | D:10     | Found a staircase to the Orcish Mines.
 10737 | D:10     | Reached skill level 10 in Spellcasting
 10737 | D:10     | Reached skill level 10 in Conjurations
 10737 | D:10     | Reached skill level 10 in Hexes
 10737 | D:10     | Reached skill level 10 in Summonings
 10737 | D:10     | Reached skill level 10 in Necromancy
 10737 | D:10     | Reached skill level 10 in Translocations
 10737 | D:10     | Reached skill level 10 in Fire Magic
 10737 | D:10     | Reached skill level 10 in Ice Magic
 10737 | D:10     | Reached skill level 10 in Air Magic
 10737 | D:10     | Reached skill level 10 in Earth Magic
 10737 | D:10     | Reached skill level 10 in Alchemy
 10914 | D:10     | Noticed Urug
 11187 | D:10     | Noticed Josephine
 11843 | D:10     | Killed Josephine
 12575 | D:10     | Noticed Maggie
 12583 | D:10     | Killed Maggie
 12965 | D:10     | Found a staircase to the Lair.
 12991 | D:10     | Found a white marble altar of Elyvilon.
 13036 | D:10     | Found a staircase to the Orcish Mines.
 13375 | D:10     | Reached skill level 13 in Fighting
 13832 | D:10     | Killed Urug
 13833 | D:10     | Reached XP level 12. HP: 46/98 MP: 0/0
 14138 | D:11     | Found a sacrificial altar of Ru.
 14159 | D:11     | Found a runed translucent gate.
 14159 | D:11     | Found a runed translucent gate.
 14159 | D:11     | Found a runed translucent gate.
 14164 | D:11     | Noticed Bravepunisher's ghost (journeyman SpMo)
 14539 | D:11     | Reached skill level 11 in Spellcasting
 14539 | D:11     | Reached skill level 11 in Conjurations
 14539 | D:11     | Reached skill level 11 in Hexes
 14539 | D:11     | Reached skill level 11 in Summonings
 14539 | D:11     | Reached skill level 11 in Necromancy
 14539 | D:11     | Reached skill level 11 in Translocations
 14539 | D:11     | Reached skill level 11 in Fire Magic
 14539 | D:11     | Reached skill level 11 in Ice Magic
 14539 | D:11     | Reached skill level 11 in Air Magic
 14539 | D:11     | Reached skill level 11 in Earth Magic
 14539 | D:11     | Reached skill level 11 in Alchemy
 14742 | D:11     | Noticed a two-headed ogre
 14759 | D:11     | Killed a two-headed ogre
 15206 | D:12     | Reached skill level 14 in Fighting
 15261 | D:12     | Identified 2 scrolls of acquirement
 15261 | D:12     | Acquired 1008 gold pieces
 15262 | D:12     | Acquired the ring "Fader" {rC+ Slay+4}
 15333 | D:12     | Found a flickering gateway to a bazaar.
 15342 | Bazaar   | Entered a bazaar
 15410 | Bazaar   | Found Zutsel's Assorted Antiques.
 15466 | Bazaar   | Found Liprumeqa's Distillery.
 15466 | Bazaar   | Found Ofuoko Curph's Weapon Boutique.
 15467 | Bazaar   | Found Vuplyon's Assorted Antiques.
 15491 | Bazaar   | Bought a potion of haste for 170 gold pieces
 15491 | Bazaar   | Bought a potion of heal wounds for 85 gold pieces
 15496 | Bazaar   | Bought a scroll of identify for 28 gold pieces
 15496 | Bazaar   | Bought an orange potion for 12 gold pieces
 15501 | Bazaar   | Bought an orange potion for 23 gold pieces
 15501 | Bazaar   | Bought a metallic purple potion for 23 gold pieces
 15501 | Bazaar   | Bought a scroll labelled DOPLU ORUPS for 26 gold pieces
 15506 | Bazaar   | Bought a scroll of teleportation for 42 gold pieces
 15519 | Bazaar   | Bought 2 potions of mutation for 272 gold pieces
 15762 | D:12     | Noticed a boulder beetle
 15767 | D:12     | Noticed a boulder beetle
 15901 | Lair:1   | Entered Level 1 of the Lair of Beasts
 15901 | Lair:1   | Noticed Harold
 15922 | Lair:1   | Killed Harold
 16667 | Lair:1   | Reached XP level 13. HP: 91/106 MP: 0/0
 16667 | Lair:1   | Learned a level 5 spell: Summon Forest
 17468 | Lair:2   | Reached skill level 12 in Spellcasting
 17468 | Lair:2   | Reached skill level 12 in Conjurations
 17468 | Lair:2   | Reached skill level 12 in Hexes
 17468 | Lair:2   | Reached skill level 12 in Summonings
 17468 | Lair:2   | Reached skill level 12 in Necromancy
 17468 | Lair:2   | Reached skill level 12 in Translocations
 17468 | Lair:2   | Reached skill level 12 in Fire Magic
 17468 | Lair:2   | Reached skill level 12 in Ice Magic
 17468 | Lair:2   | Reached skill level 12 in Air Magic
 17468 | Lair:2   | Reached skill level 12 in Earth Magic
 17468 | Lair:2   | Reached skill level 12 in Alchemy
 17595 | Lair:2   | Reached skill level 15 in Fighting
 18210 | Lair:2   | Noticed Gastronok
 18220 | Lair:2   | Killed Gastronok
 18748 | Lair:3   | Found a hole to the Spider Nest.
 18894 | Lair:3   | Noticed a four-headed hydra
 18899 | Lair:3   | Noticed a seven-headed hydra
 19027 | Lair:3   | Killed a seven-headed hydra
 19374 | Lair:3   | Reached skill level 16 in Fighting
 19585 | Lair:3   | Killed a four-headed hydra
 19725 | Lair:3   | Found a staircase to the Swamp.
 19959 | Lair:4   | Noticed an eight-headed hydra
 19968 | Lair:4   | Killed an eight-headed hydra
 20229 | Lair:4   | Found a staircase to the Slime Pits.
 20281 | Lair:4   | Reached skill level 13 in Spellcasting
 20281 | Lair:4   | Reached skill level 13 in Conjurations
 20281 | Lair:4   | Reached skill level 13 in Hexes
 20281 | Lair:4   | Reached skill level 13 in Summonings
 20281 | Lair:4   | Reached skill level 13 in Necromancy
 20281 | Lair:4   | Reached skill level 13 in Translocations
 20281 | Lair:4   | Reached skill level 13 in Fire Magic
 20281 | Lair:4   | Reached skill level 13 in Ice Magic
 20281 | Lair:4   | Reached skill level 13 in Air Magic
 20281 | Lair:4   | Reached skill level 13 in Earth Magic
 20281 | Lair:4   | Reached skill level 13 in Alchemy
 20342 | Lair:4   | Found a viscous altar of Jiyva.
 20635 | Lair:4   | Reached XP level 14. HP: 76/117 MP: 0/0
 21516 | Lair:5   | Entered Level 5 of the Lair of Beasts
 22255 | Lair:5   | Reached skill level 17 in Fighting
 24887 | Lair:5   | Found a large runed translucent door.
 25215 | Lair:5   | Reached skill level 14 in Spellcasting
 25215 | Lair:5   | Reached skill level 14 in Conjurations
 25215 | Lair:5   | Reached skill level 14 in Hexes
 25215 | Lair:5   | Reached skill level 14 in Summonings
 25215 | Lair:5   | Reached skill level 14 in Necromancy
 25215 | Lair:5   | Reached skill level 14 in Translocations
 25215 | Lair:5   | Reached skill level 14 in Fire Magic
 25215 | Lair:5   | Reached skill level 14 in Ice Magic
 25215 | Lair:5   | Reached skill level 14 in Air Magic
 25215 | Lair:5   | Reached skill level 14 in Earth Magic
 25215 | Lair:5   | Reached skill level 14 in Alchemy
 25395 | Lair:5   | Found a large runed translucent door.
 25700 | Orc:1    | Entered Level 1 of the Orcish Mines
 26459 | Orc:1    | Found Moeqopy's General Store.
 26465 | Orc:1    | Bought a scroll of identify for 26 gold pieces
 26527 | Orc:2    | Entered Level 2 of the Orcish Mines
 26541 | Orc:2    | Reached XP level 15. HP: 95/126 MP: 0/0
 26541 | Orc:2    | Learned a level 6 spell: Bombard
 26726 | Orc:2    | Found a staircase to the Elven Halls.
 26910 | Orc:2    | Reached skill level 18 in Fighting
 27139 | Orc:2    | HP: 6/127 [two-headed ogre/+0 giant club (19)]
 27605 | Orc:2    | Found Lepujak's Book Boutique.
 27605 | Orc:2    | Found Utzamur's Weapon Shoppe.
 27606 | Orc:2    | Found Japrymya's General Store.
 27606 | Orc:2    | Found Cymaf's Weapon Shop.
 28834 | D:11     | Killed Bravepunisher's ghost
 29318 | D:4      | Found a transporter.
 29320 | D:4      | Killed SigmundSlayer's ghost
 30151 | D:12     | Reached skill level 15 in Spellcasting
 30151 | D:12     | Reached skill level 15 in Conjurations
 30151 | D:12     | Reached skill level 15 in Hexes
 30151 | D:12     | Reached skill level 15 in Summonings
 30151 | D:12     | Reached skill level 15 in Necromancy
 30151 | D:12     | Reached skill level 15 in Translocations
 30151 | D:12     | Reached skill level 15 in Fire Magic
 30151 | D:12     | Reached skill level 15 in Ice Magic
 30151 | D:12     | Reached skill level 15 in Air Magic
 30151 | D:12     | Reached skill level 15 in Earth Magic
 30151 | D:12     | Reached skill level 15 in Alchemy
 30248 | D:12     | Reached skill level 19 in Fighting
 31388 | D:13     | Noticed pop's ghost (weakling FoSh)
 31389 | D:13     | Found a bloodstained altar of Trog.
 31411 | D:13     | Found a transporter.
 31414 | D:13     | Found a transporter.
 31932 | D:13     | Reached XP level 16. HP: 129/135 MP: 0/0
 32107 | D:13     | Found a shimmering altar of Xom.
 32111 | D:13     | Found a shimmering altar of Xom.
 32140 | D:13     | Found a shimmering altar of Xom.
 32141 | D:13     | Found a shimmering altar of Xom.
 32141 | D:13     | Found a shimmering altar of Xom.
 32141 | D:13     | Found a shimmering altar of Xom.
 32143 | D:13     | Found a shimmering altar of Xom.
 32444 | D:14     | Identified the +6 arbalest "Qoaf" {drain, Str+2}
 32690 | D:14     | Found a gate leading to a gauntlet.
 32700 | Gauntlet | Entered a Gauntlet
 32700 | Gauntlet | Found a transporter.
 32700 | Gauntlet | Found a transporter.
 32895 | Gauntlet | Found a transporter.
 32910 | Gauntlet | Found a transporter.
 32930 | Gauntlet | Found a transporter.
 32930 | Gauntlet | Found a transporter.
 32930 | Gauntlet | Found a transporter.
 32933 | Gauntlet | Found a transporter.
 32933 | Gauntlet | Found a transporter.
 32947 | Gauntlet | Found a transporter.
 32965 | Gauntlet | Found a transporter.
 32975 | Gauntlet | Found a transporter.
 32990 | Gauntlet | Found a transporter.
 33010 | Gauntlet | Found a transporter.
 33010 | Gauntlet | Found the +3 crown of Dyrovepreva {rElec Int+2 SInv}
 33395 | Gauntlet | Identified the ring of Goav {Fly Dex+6}
 33650 | Gauntlet | Identified the amulet of Arrival {Spirit Str+3}
 35125 | D:14     | Acquired the +3 kite shield "Hibbum" {Int+3}
 35345 | D:14     | Reached skill level 1 in Shields
 35402 | D:14     | Reached skill level 3 in Dodging
 35473 | D:14     | Found a gate to the Vaults.
 35513 | D:14     | Reached skill level 2 in Shields
 35693 | D:15     | Entered Level 15 of the Dungeon
 35723 | D:15     | Reached skill level 4 in Dodging
 35819 | D:15     | Found an opulent altar of Gozag.
 35862 | D:15     | Reached skill level 3 in Shields
 35967 | D:15     | Found a burning altar of Makhleb.
 36019 | D:15     | Reached skill level 5 in Dodging
 36021 | D:15     | Reached skill level 4 in Shields
 36026 | D:15     | Reached skill level 16 in Spellcasting
 36026 | D:15     | Reached skill level 16 in Conjurations
 36026 | D:15     | Reached skill level 16 in Hexes
 36026 | D:15     | Reached skill level 16 in Summonings
 36026 | D:15     | Reached skill level 16 in Necromancy
 36026 | D:15     | Reached skill level 16 in Translocations
 36026 | D:15     | Reached skill level 16 in Fire Magic
 36026 | D:15     | Reached skill level 16 in Ice Magic
 36026 | D:15     | Reached skill level 16 in Air Magic
 36026 | D:15     | Reached skill level 16 in Earth Magic
 36026 | D:15     | Reached skill level 16 in Alchemy
 36682 | D:15     | Reached XP level 17. HP: 113/143 MP: 0/0
 36682 | D:15     | Learned a level 7 spell: Ozocubu's Refrigeration
 36761 | D:15     | Reached skill level 6 in Dodging
 36794 | D:15     | Reached skill level 5 in Shields
 36969 | D:15     | Identified the ring "Qaywocsu" {rN+ Str+4}
 36971 | D:15     | Identified the ring "Turgh" {rElec MP+9 Str+2}
 37023 | D:15     | Noticed a sphinx
 37027 | D:15     | Killed a sphinx
 37164 | D:15     | Acquired the staff of the Assorted Lies {rC+ Int+2 Ice}
 37265 | D:15     | Found a staircase to the Depths.
 37279 | D:15     | Found the +7 lajatang of Order {silver, rMut}
 37320 | D:15     | Reached skill level 7 in Dodging
 37325 | D:15     | Reached skill level 6 in Shields
 37774 | Spider:1 | Entered Level 1 of the Spider Nest
 38164 | Spider:1 | Reached skill level 8 in Dodging
 38200 | Spider:1 | Found a transporter.
 38204 | Spider:1 | Noticed Ruxiki's ghost (adept VSBr)
 38211 | Spider:1 | Found a transporter.
 38373 | Spider:1 | Reached skill level 7 in Shields
 38520 | Spider:2 | Noticed Jorgrun
 38801 | Spider:2 | Killed Jorgrun
 38893 | Spider:2 | Reached skill level 9 in Dodging
 38949 | Spider:2 | Reached skill level 8 in Shields
 39095 | Spider:2 | Noticed Frances
 39100 | Spider:2 | Reached XP level 18. HP: 125/149 MP: 0/0
 39104 | Spider:2 | Killed Frances
 39790 | Spider:3 | Reached skill level 10 in Dodging
 40492 | Spider:4 | Entered Level 4 of the Spider Nest
 40510 | Spider:4 | Identified the +1 robe of Xuat {Dex+2 Slay+6}
 40683 | Spider:4 | Reached skill level 9 in Shields
 40683 | Spider:4 | Reached skill level 17 in Spellcasting
 40683 | Spider:4 | Reached skill level 17 in Conjurations
 40683 | Spider:4 | Reached skill level 17 in Hexes
 40683 | Spider:4 | Reached skill level 17 in Summonings
 40683 | Spider:4 | Reached skill level 17 in Necromancy
 40683 | Spider:4 | Reached skill level 17 in Translocations
 40683 | Spider:4 | Reached skill level 17 in Fire Magic
 40683 | Spider:4 | Reached skill level 17 in Ice Magic
 40683 | Spider:4 | Reached skill level 17 in Air Magic
 40683 | Spider:4 | Reached skill level 17 in Earth Magic
 40683 | Spider:4 | Reached skill level 17 in Alchemy
 41263 | Spider:4 | Reached skill level 11 in Dodging
 41337 | Spider:4 | Reached skill level 10 in Shields
 41625 | Spider:4 | Identified a scarf of resistance
 41661 | Spider:4 | Got a gossamer rune of Zot
 41685 | Spider:4 | Identified the +1 hat of the Arena {Dex-2 Slay+5}
 42092 | Spider:4 | Identified the +0 robe "Qisod" {rPois}
 42245 | Spider:4 | Reached XP level 19. HP: 139/155 MP: 0/0
 42245 | Spider:4 | Learned a level 7 spell: Monstrous Menagerie
 42344 | Swamp:1  | Entered Level 1 of the Swamp
 43051 | Swamp:1  | Reached skill level 12 in Dodging
 43192 | Swamp:1  | Found a basalt altar of Yredelemnul.
 43271 | Swamp:2  | Noticed Roxanne
 43311 | Swamp:2  | Reached skill level 11 in Shields
 43430 | Swamp:2  | Found a glacial archway.
 43493 | IceCv    | Entered an ice cave
 44038 | IceCv    | Identified a +1 leather armour of resistance
 44316 | IceCv    | Noticed a lich
 44327 | IceCv    | Killed a lich
 44887 | Swamp:2  | Killed Roxanne
 45129 | Swamp:3  | Reached skill level 13 in Dodging
 45129 | Swamp:3  | Reached skill level 18 in Ice Magic
 45366 | Swamp:3  | Reached skill level 12 in Shields
 45379 | Swamp:3  | Reached skill level 18 in Spellcasting
 45379 | Swamp:3  | Reached skill level 18 in Conjurations
 45379 | Swamp:3  | Reached skill level 18 in Hexes
 45379 | Swamp:3  | Reached skill level 18 in Summonings
 45379 | Swamp:3  | Reached skill level 18 in Necromancy
 45379 | Swamp:3  | Reached skill level 18 in Translocations
 45379 | Swamp:3  | Reached skill level 18 in Fire Magic
 45379 | Swamp:3  | Reached skill level 18 in Air Magic
 45379 | Swamp:3  | Reached skill level 18 in Earth Magic
 45379 | Swamp:3  | Reached skill level 18 in Alchemy
 45768 | Swamp:4  | Entered Level 4 of the Swamp
 45772 | Swamp:4  | Identified the serpent talisman of Sif Muna's Benevolence
                  | {Str+2}
 45772 | Swamp:4  | Noticed Aizul
 45773 | Swamp:4  | Reached XP level 20. HP: 138/162 MP: 0/0
 45777 | Swamp:4  | Killed Aizul
 45783 | Swamp:4  | Reached skill level 14 in Dodging
 46104 | Swamp:4  | Reached skill level 19 in Ice Magic
 46384 | Swamp:4  | Noticed Donald
 46387 | Swamp:4  | Killed Donald
 46437 | Swamp:4  | Noticed the 27-headed Lernaean hydra
 46445 | Swamp:4  | Killed the 27-headed Lernaean hydra
 46472 | Swamp:4  | Got a decaying rune of Zot
 46528 | Swamp:4  | Reached skill level 15 in Dodging
 47050 | Spider:1 | Killed Ruxiki's ghost
 47526 | D:13     | Killed pop's ghost
 47627 | Vaults:1 | Entered Level 1 of the Vaults
 47908 | Vaults:1 | Found Cydocain's Antique Armour Shop.
 47916 | Vaults:1 | Bought a translucent scale mail for 198 gold pieces
 47916 | Vaults:1 | Identified the +3 scale mail "Zucamef" {Harm rPois} (You
                  | bought it in a shop on level 1 of the Vaults)
 47916 | Vaults:1 | Bought a bloodstained chain mail for 209 gold pieces
 47916 | Vaults:1 | Identified the +0 chain mail of Leusio {+Blink Dex+2} (You
                  | bought it in a shop on level 1 of the Vaults)
 48209 | Vaults:1 | Reached skill level 16 in Dodging
 48209 | Vaults:1 | Reached skill level 20 in Ice Magic
 48344 | Vaults:1 | Found Nippuuge's Weapon Shop.
 48368 | Vaults:1 | Found Seithip's Magic Scroll Boutique.
 48390 | Vaults:1 | Reached skill level 19 in Spellcasting
 48390 | Vaults:1 | Reached skill level 19 in Conjurations
 48390 | Vaults:1 | Reached skill level 19 in Hexes
 48390 | Vaults:1 | Reached skill level 19 in Summonings
 48390 | Vaults:1 | Reached skill level 19 in Necromancy
 48390 | Vaults:1 | Reached skill level 19 in Translocations
 48390 | Vaults:1 | Reached skill level 19 in Fire Magic
 48390 | Vaults:1 | Reached skill level 19 in Air Magic
 48390 | Vaults:1 | Reached skill level 19 in Earth Magic
 48390 | Vaults:1 | Reached skill level 19 in Alchemy
 48468 | Vaults:1 | Reached XP level 21. HP: 47/167 MP: 0/0
 48468 | Vaults:1 | Learned a level 8 spell: Maxwell's Capacitive Coupling
 49619 | Vaults:2 | Reached skill level 17 in Dodging
 49736 | Vaults:2 | Noticed Xtahua
 49922 | Vaults:2 | Paralysed by Xtahua for 5 turns
 49932 | Vaults:1 | Killed Xtahua
 50266 | Vaults:2 | Reached skill level 21 in Ice Magic
 50748 | Vaults:2 | Found a runed translucent door.
 50748 | Vaults:2 | Noticed Pixtaico's ghost (adept FeNe)
 51419 | Vaults:2 | Killed Pixtaico's ghost
 51664 | Vaults:3 | Reached skill level 18 in Dodging
 51746 | Vaults:3 | Noticed Norris
 51752 | Vaults:3 | Killed Norris
 51990 | Vaults:3 | Noticed a bone dragon
 51995 | Vaults:3 | Killed a bone dragon
 52024 | Vaults:3 | Found a staircase to the Crypt.
 52136 | Vaults:3 | Noticed Zenata
 52140 | Vaults:3 | Killed Zenata
 52208 | Vaults:3 | Reached XP level 22. HP: 163/175 MP: 0/0
 52228 | Vaults:3 | Noticed Sojobo
 52236 | Vaults:3 | Paralysed by an air elemental for 1 turns
 52245 | Vaults:3 | Paralysed by an air elemental for 1 turns
 52247 | Vaults:3 | HP: 13/175 [Sojobo/+2 great sword of electrocution (8)]
 52627 | Vaults:3 | Killed Sojobo
 52628 | Vaults:3 | Reached skill level 20 in Spellcasting
 52628 | Vaults:3 | Reached skill level 20 in Conjurations
 52628 | Vaults:3 | Reached skill level 20 in Hexes
 52628 | Vaults:3 | Reached skill level 20 in Summonings
 52628 | Vaults:3 | Reached skill level 20 in Necromancy
 52628 | Vaults:3 | Reached skill level 20 in Translocations
 52628 | Vaults:3 | Reached skill level 20 in Fire Magic
 52628 | Vaults:3 | Reached skill level 20 in Air Magic
 52628 | Vaults:3 | Reached skill level 20 in Earth Magic
 52628 | Vaults:3 | Reached skill level 20 in Alchemy
 52727 | Vaults:3 | Reached skill level 22 in Ice Magic
 53297 | Vaults:3 | Identified a +0 crystal plate armour
 53604 | Vaults:4 | Reached skill level 19 in Dodging
 55271 | Elf:1    | Entered Level 1 of the Elven Halls
 55517 | Elf:1    | Found Pingeph's Jewellery Boutique.
 55544 | Elf:1    | Noticed Nikola
 55550 | Elf:1    | Killed Nikola
 55572 | Elf:1    | Reached skill level 23 in Ice Magic
 55828 | Elf:1    | Reached skill level 1 in Armour
 56462 | Elf:2    | Reached skill level 2 in Armour
 56506 | Elf:2    | Reached XP level 23. HP: 136/180 MP: 0/0
 56506 | Elf:2    | Learned a level 8 spell: Discord
 56510 | Elf:2    | Reached skill level 3 in Armour
 56611 | Elf:2    | Found Wynaq's General Store.
 56616 | Elf:2    | Bought a potion of resistance for 110 gold pieces
 56785 | Elf:2    | Found a runed translucent gate.
 56786 | Elf:2    | Found a runed translucent gate.
 56786 | Elf:2    | Found a runed translucent gate.
 56859 | Elf:2    | Reached skill level 4 in Armour
 57252 | Elf:2    | Reached skill level 5 in Armour
 57252 | Elf:2    | Reached skill level 21 in Spellcasting
 57252 | Elf:2    | Reached skill level 21 in Conjurations
 57252 | Elf:2    | Reached skill level 21 in Hexes
 57252 | Elf:2    | Reached skill level 21 in Summonings
 57252 | Elf:2    | Reached skill level 21 in Necromancy
 57252 | Elf:2    | Reached skill level 21 in Translocations
 57252 | Elf:2    | Reached skill level 21 in Fire Magic
 57252 | Elf:2    | Reached skill level 21 in Air Magic
 57252 | Elf:2    | Reached skill level 21 in Earth Magic
 57252 | Elf:2    | Reached skill level 21 in Alchemy
 57793 | Elf:2    | Reached skill level 6 in Armour
 57876 | Elf:3    | Entered Level 3 of the Elven Halls
 58052 | Elf:3    | Identified the +3 scale mail of the Stonemason {-Tele Str+2
                  | Dex+2}
 58065 | Elf:3    | Reached skill level 24 in Ice Magic
 58170 | Elf:3    | Reached skill level 7 in Armour
 59267 | Elf:3    | Reached skill level 25 in Ice Magic
 59300 | Elf:3    | Identified the +6 battleaxe "Fusafe" {speed, rElec rPois
                  | Str+4}
 59400 | Elf:3    | Identified the +0 plate armour of the Alphagorgon {Harm
                  | Str+3 Stlth+}
 59435 | Elf:3    | Identified the +4 hand axe "Uveblotu" {freeze, ^Fragile
                  | rF++}
 59479 | Elf:3    | Identified the +5 shortbow of Rubbish {flame, Dex+3}
 59509 | Elf:3    | Identified the staff of the Ancients {^Contam rPois rN+
                  | Dex+4 Alchemy}
 59645 | Elf:3    | Found Ulesm's Antique Weapon Boutique.
 59653 | Elf:3    | Bought a fine war axe for 280 gold pieces
 59653 | Elf:3    | Identified the +7 war axe "Demon's Nightmare" {antimagic,
                  | ^Fragile rElec Will- Int+9} (You bought it in a shop on
                  | level 3 of the Elven Halls)
 59653 | Elf:3    | Bought a steaming flail for 280 gold pieces
 59653 | Elf:3    | Identified the +8 flail of Untimely Demise {speed, ^Fragile
                  | rPois rF+ Dex+3} (You bought it in a shop on level 3 of the
                  | Elven Halls)
 59653 | Elf:3    | Bought a slimy morningstar for 297 gold pieces
 59653 | Elf:3    | Identified the +5 morningstar of Uroigicw {heavy, *Slow rN+
                  | Dex+2} (You bought it in a shop on level 3 of the Elven
                  | Halls)
 60010 | Depths:1 | Entered Level 1 of the Depths
 60047 | Depths:1 | Reached skill level 22 in Spellcasting
 60047 | Depths:1 | Reached skill level 22 in Conjurations
 60047 | Depths:1 | Reached skill level 22 in Hexes
 60047 | Depths:1 | Reached skill level 22 in Summonings
 60047 | Depths:1 | Reached skill level 22 in Necromancy
 60047 | Depths:1 | Reached skill level 22 in Translocations
 60047 | Depths:1 | Reached skill level 22 in Fire Magic
 60047 | Depths:1 | Reached skill level 22 in Air Magic
 60047 | Depths:1 | Reached skill level 22 in Earth Magic
 60047 | Depths:1 | Reached skill level 22 in Alchemy
 60054 | Depths:1 | Reached XP level 24. HP: 122/186 MP: 0/0
 60195 | Depths:1 | Found an ornate altar of the Wu Jian Council.
 60281 | Depths:1 | Found a gateway to Hell.
 60916 | Depths:1 | Found a one-way gate to the infinite horrors of the Abyss.
 61092 | Depths:2 | Reached skill level 26 in Ice Magic
 61979 | Depths:2 | Found Oboithru's Distillery.
 61987 | Depths:2 | Bought a potion of experience for 1000 gold pieces
 61987 | Depths:2 | Bought a potion of heal wounds for 100 gold pieces
 62186 | Depths:2 | Noticed Asterion
 62192 | Depths:2 | Killed Asterion
 62440 | Depths:2 | Reached skill level 23 in Spellcasting
 62440 | Depths:2 | Reached skill level 23 in Conjurations
 62440 | Depths:2 | Reached skill level 23 in Hexes
 62440 | Depths:2 | Reached skill level 23 in Summonings
 62440 | Depths:2 | Reached skill level 23 in Necromancy
 62440 | Depths:2 | Reached skill level 23 in Translocations
 62440 | Depths:2 | Reached skill level 23 in Fire Magic
 62440 | Depths:2 | Reached skill level 23 in Air Magic
 62440 | Depths:2 | Reached skill level 23 in Earth Magic
 62440 | Depths:2 | Reached skill level 23 in Alchemy
 62448 | Depths:2 | Reached skill level 27 in Ice Magic
 62591 | Depths:2 | Noticed Vv
 62597 | Depths:2 | Killed Vv
 62711 | Depths:2 | Noticed Saint Roka
 62716 | Depths:2 | Killed Saint Roka
 62865 | Depths:2 | Found a one-way gateway to a ziggurat.
 62866 | Depths:2 | Noticed a dread lich
 62881 | Depths:2 | Killed a dread lich
 63143 | Depths:2 | Found a one-way gate leading to the halls of Pandemonium.
 63379 | Depths:3 | Found a transporter.
 63576 | Depths:3 | Reached XP level 25. HP: 152/193 MP: 0/0
 63576 | Depths:3 | Learned a level 9 spell: Polar Vortex
 63775 | Depths:3 | Found a transporter.
 63775 | Depths:3 | Found the ring of the Hare {EV+10}
 63960 | Depths:3 | Noticed a caustic shrike
 63977 | Depths:3 | Noticed a caustic shrike
 63984 | Depths:2 | Killed a caustic shrike
 64131 | Depths:3 | Killed a caustic shrike
 64279 | Depths:3 | Identified the staff of the Several Orbs {*Slow rF++ rC+
                  | rN+ Necro Air}
 64341 | Depths:4 | Entered Level 4 of the Depths
 64352 | Depths:4 | Noticed a caustic shrike
 64353 | Depths:4 | Noticed a caustic shrike
 64355 | Depths:4 | Killed a caustic shrike
 64356 | Depths:4 | Noticed a caustic shrike
 64357 | Depths:4 | Killed a caustic shrike
 64358 | Depths:4 | Reached skill level 24 in Spellcasting
 64358 | Depths:4 | Reached skill level 24 in Conjurations
 64358 | Depths:4 | Reached skill level 24 in Hexes
 64358 | Depths:4 | Reached skill level 24 in Summonings
 64358 | Depths:4 | Reached skill level 24 in Necromancy
 64358 | Depths:4 | Reached skill level 24 in Translocations
 64358 | Depths:4 | Reached skill level 24 in Fire Magic
 64358 | Depths:4 | Reached skill level 24 in Air Magic
 64358 | Depths:4 | Reached skill level 24 in Earth Magic
 64358 | Depths:4 | Reached skill level 24 in Alchemy
 64499 | Depths:4 | Noticed a caustic shrike
 64679 | Depths:3 | Killed a caustic shrike
 65138 | Depths:4 | Killed a caustic shrike
 65496 | Depths:4 | Found a gate to the Realm of Zot.
 66253 | Slime:1  | Entered Level 1 of the Pits of Slime
 68069 | Slime:1  | Reached skill level 25 in Spellcasting
 68069 | Slime:1  | Reached skill level 25 in Conjurations
 68069 | Slime:1  | Reached skill level 25 in Hexes
 68069 | Slime:1  | Reached skill level 25 in Summonings
 68069 | Slime:1  | Reached skill level 25 in Necromancy
 68069 | Slime:1  | Reached skill level 25 in Translocations
 68069 | Slime:1  | Reached skill level 25 in Fire Magic
 68069 | Slime:1  | Reached skill level 25 in Air Magic
 68069 | Slime:1  | Reached skill level 25 in Earth Magic
 68069 | Slime:1  | Reached skill level 25 in Alchemy
 69263 | Slime:5  | Entered Level 5 of the Pits of Slime
 69278 | Slime:5  | Reached XP level 26. HP: 182/199 MP: 0/0
 69278 | Slime:5  | Reached skill level 20 in Fighting
 69278 | Slime:5  | Reached skill level 8 in Armour
 69278 | Slime:5  | Reached XP level 27. HP: 187/205 MP: 0/0
 69278 | Slime:5  | Learned a level 9 spell: Fire Storm
 70171 | Slime:5  | Gained mutation: Your body sometimes deteriorates upon
                  | taking damage. [a shining eye]
 70672 | Slime:5  | Noticed the Royal Jelly
 70676 | Slime:5  | Killed the Royal Jelly
 70811 | Slime:5  | Reached skill level 9 in Armour
 71407 | Slime:5  | Identified the staff of the Rattlesnake {Conj Alchemy}
 71536 | Slime:5  | Identified the +4 spear of Zayxusach {flame, Int+4 Stlth+}
 71550 | Slime:5  | Got a slimy rune of Zot
 71598 | Slime:5  | Identified the +7 trident of Doom {flame, Str+5}
 71615 | Slime:5  | Identified the +2 chain mail "Ufacsuto" {Slay+3}
 71769 | Slime:5  | Identified the ring "Jerowkor" {rN+ Int+6}
 71784 | Slime:5  | Identified the +2 arbalest "Worm's Wrath" {penet, rPois
                  | rC++ Str-2 SInv}
 71785 | Slime:5  | Identified the staff of Weschus {rElec Will- rCorr Summ
                  | Tloc Air}
 72471 | Vaults:5 | Entered Level 5 of the Vaults
 72477 | Vaults:5 | Reached skill level 21 in Fighting
 72491 | Vaults:5 | Reached skill level 10 in Armour
 72577 | Vaults:5 | Identified the ring of Rap Dien {Fire Will+ Dex-5 Stlth+}
 72762 | Vaults:5 | Noticed a dread lich
 72765 | Vaults:5 | Identified the ring of Baefy {rN+ Int+2}
 72771 | Vaults:5 | Killed a dread lich
 72772 | Vaults:5 | Reached skill level 11 in Armour
 72793 | Vaults:5 | Reached skill level 22 in Fighting
 72794 | Vaults:5 | Noticed a dread lich
 72851 | Vaults:5 | Killed a dread lich
 72943 | Vaults:5 | Found the +8 trishula "Condemnation" {holy, anguish, *Noise
                  | Fly rN+}
 72973 | Vaults:5 | Identified the +1 pair of gloves "Comunoi" {rPois}
 72983 | Vaults:5 | Identified the staff "Xaisonor" {Int-3 Stlth+ Conj Hexes
                  | Ice}
 72983 | Vaults:5 | Noticed a dread lich
 72988 | Vaults:5 | Killed a dread lich
 72989 | Vaults:5 | Reached skill level 26 in Spellcasting
 72989 | Vaults:5 | Reached skill level 26 in Conjurations
 72989 | Vaults:5 | Reached skill level 26 in Hexes
 72989 | Vaults:5 | Reached skill level 26 in Summonings
 72989 | Vaults:5 | Reached skill level 26 in Necromancy
 72989 | Vaults:5 | Reached skill level 26 in Translocations
 72989 | Vaults:5 | Reached skill level 26 in Fire Magic
 72989 | Vaults:5 | Reached skill level 26 in Air Magic
 72989 | Vaults:5 | Reached skill level 26 in Earth Magic
 72989 | Vaults:5 | Reached skill level 26 in Alchemy
 73300 | Vaults:5 | Identified the +0 robe of Zeheq {Archmagi}
 73331 | Vaults:5 | Got a silver rune of Zot
 73381 | Vaults:5 | Identified the amulet of Waegh {Reflect ^Contam rC+ Str+4
                  | SH+5}
 73388 | Vaults:5 | Noticed a dread lich
 73393 | Vaults:5 | Killed a dread lich
 73418 | Vaults:5 | Noticed an ancient lich
 73424 | Vaults:5 | Killed an ancient lich
 73480 | Vaults:5 | Identified the +4 halberd "Dragonbane" {freeze, rElec
                  | rPois}
 73480 | Vaults:5 | Identified the amulet of Jipan {*Slow rF+ rN+ Regen+ Int+3}
 73551 | Vaults:5 | Noticed Bai Suzhen
 73555 | Vaults:5 | Killed Bai Suzhen
 73556 | Vaults:5 | Reached skill level 12 in Armour
 73694 | Vaults:5 | Identified the +11 quarterstaff of Purpose {heavy, rF-
                  | rCorr MP+9 Int+6}
 73861 | Vaults:5 | Found the ring of the Mage {Wiz Archmagi}
 73868 | Vaults:5 | Found the +2 Maxwell's thermic engine {flame, freeze, rev}
 73875 | Vaults:5 | Identified the ring "Zuemuvomar" {+Blink EV+5}
 74281 | Crypt:1  | Entered Level 1 of the Crypt
 74284 | Crypt:1  | Reached skill level 23 in Fighting
 74489 | Vaults:5 | Identified the ring of Moiz {rCorr Int+5}
 75708 | Crypt:2  | Noticed a curse skull
 75713 | Crypt:2  | Killed a curse skull
 76153 | Crypt:2  | Reached skill level 24 in Fighting
 76507 | Crypt:3  | Entered Level 3 of the Crypt
 76971 | Crypt:3  | Found a staircase to the Tomb.
 77082 | Crypt:3  | Identified the +8 war axe "Demonbane" {freeze, Str+2
                  | Stlth+}
 77361 | Crypt:3  | Reached skill level 27 in Spellcasting
 77361 | Crypt:3  | Reached skill level 27 in Conjurations
 77361 | Crypt:3  | Reached skill level 27 in Hexes
 77361 | Crypt:3  | Reached skill level 27 in Summonings
 77361 | Crypt:3  | Reached skill level 27 in Necromancy
 77361 | Crypt:3  | Reached skill level 27 in Translocations
 77361 | Crypt:3  | Reached skill level 27 in Fire Magic
 77361 | Crypt:3  | Reached skill level 27 in Air Magic
 77361 | Crypt:3  | Reached skill level 27 in Earth Magic
 77361 | Crypt:3  | Reached skill level 27 in Alchemy
 77406 | Crypt:3  | Identified the ring "Neh Weur" {rElec rN+}
 77406 | Crypt:3  | Identified the ring of Ejunuin {rN+ Int+2}
 77626 | Crypt:3  | Noticed an ancient lich
 77629 | Crypt:3  | Killed an ancient lich
 77629 | Crypt:3  | Identified the ring "Hylorch Huazo" {Ice rElec Stlth+}
 77909 | Crypt:3  | Noticed a curse skull
 77917 | Crypt:3  | Killed a curse skull
 77982 | Crypt:3  | Noticed a curse skull
 77983 | Crypt:3  | Killed a curse skull
 78282 | Crypt:3  | Identified the +4 ring mail of the Desert {Int+2 Slay+2}
 78932 | Depths:3 | Reached skill level 25 in Fighting
 78952 | Depths:3 | Identified the ring "Puka" {rF+ rCorr Int+3}
 78963 | Depths:3 | Identified the ring of Conformity {rElec rPois MP+9 Int-3
                  | Stlth+}
 79083 | Zig:1    | Entered Level 1 of a ziggurat
 79311 | Zig:2    | Entered Level 2 of a ziggurat
 79439 | Zig:3    | Entered Level 3 of a ziggurat
 79440 | Zig:3    | Noticed a dread lich
 79443 | Zig:3    | Killed a dread lich
 79461 | Zig:3    | Identified the ring of Umeotson {rPois rF- rN+++ EV+5
                  | Str+3}
 79577 | Zig:4    | Entered Level 4 of a ziggurat
 79579 | Zig:4    | Found the ring of the Octopus King
 79582 | Zig:4    | Noticed Voojeem the pandemonium lord
 79586 | Zig:4    | Killed Voojeem the pandemonium lord
 79716 | Zig:4    | Identified a ring of the Octopus King {HP+2 MP+9 AC+2 EV+2
                  | SH+2}
 79726 | Zig:5    | Entered Level 5 of a ziggurat
 79878 | Zig:6    | Entered Level 6 of a ziggurat
 79910 | Zig:6    | Identified the +5 chain mail of Vanity {Dex+3}
 79915 | Zig:6    | Identified the ring of Kunerebb {rC+ Will+ Dex+5}
 80038 | Zig:7    | Entered Level 7 of a ziggurat
 80046 | Zig:7    | Noticed an ancient lich
 80049 | Zig:7    | Killed an ancient lich
 80081 | Zig:7    | Identified the +7 chain mail of Juigaas {Rampage Will-
                  | Str+5 Dex+3}
 80101 | Zig:8    | Entered Level 8 of a ziggurat
 80111 | Zig:8    | Reached skill level 26 in Fighting
 80138 | Zig:8    | Identified the +1 sling "Nuxzi" {drain, Dex+2}
 80142 | Zig:8    | Identified the +7 great mace of the Four Interlopers
                  | {freeze, rC+}
 80172 | Zig:9    | Entered Level 9 of a ziggurat
 80494 | Zig:10   | Entered Level 10 of a ziggurat
 80567 | Zig:10   | Identified the +1 long sword "Loghoxes" {flame, *Slow
                  | Dex+4}
 80594 | Zig:10   | Reached skill level 27 in Fighting
 80696 | Zig:11   | Entered Level 11 of a ziggurat
 80706 | Zig:11   | Reached skill level 20 in Dodging
 80773 | Zig:11   | Identified the +4 shortbow of Destiny {heavy, rF+ Str+3
                  | SInv}
 80778 | Zig:11   | Identified the staff of Intuition {rPois rF+ Alchemy}
 80811 | Zig:11   | Reached skill level 13 in Armour
 80817 | Zig:12   | Entered Level 12 of a ziggurat
 80910 | Zig:12   | Identified the +2 flail "Yfuebekk" {flame, rF- rN+ rCorr}
 81020 | Zot:1    | Entered Level 1 of the Realm of Zot
 81025 | Zot:1    | Reached skill level 13 in Shields
 81681 | Zot:2    | Reached skill level 14 in Armour
 82026 | Zot:1    | Reached skill level 21 in Dodging
 83407 | Zot:2    | Reached skill level 14 in Shields
 83966 | Zot:3    | Noticed a curse toe
 83968 | Zot:3    | Killed a curse toe
 84056 | Zot:3    | Found a runed translucent gate.
 84066 | Zot:3    | Found a runed translucent gate.
 84066 | Zot:3    | Noticed an ancient lich
 84067 | Zot:3    | Noticed a dread lich
 84067 | Zot:3    | Noticed Emoisch's ghost (adept MiFi)
 84068 | Zot:3    | Found a runed translucent gate.
 84068 | Zot:3    | Noticed an ancient lich
 84068 | Zot:3    | Noticed a dread lich
 84168 | Zot:3    | Noticed a curse toe
 84181 | Zot:3    | Killed a curse toe
 84572 | Zot:3    | Killed an ancient lich
 84573 | Zot:3    | Reached skill level 15 in Armour
 84573 | Zot:3    | Killed an ancient lich
 84574 | Zot:3    | Killed a dread lich
 84578 | Zot:3    | Killed Emoisch's ghost
 84579 | Zot:3    | Killed a dread lich
 84651 | Zot:3    | Identified the ring "Mutat" {rN+ EV+5 Str+3}
 84659 | Zot:3    | Identified the +0 cloak "Ishrer" {rElec}
 84706 | Zot:4    | Noticed a curse toe
 84710 | Zot:4    | Killed a curse toe
 84916 | Zot:4    | Found a runed translucent gate.
 84917 | Zot:4    | Found a runed translucent gate.
 84921 | Zot:4    | Found a runed translucent gate.
 84922 | Zot:4    | Noticed Tiejaxt's ghost (master TeAE)
 84934 | Zot:4    | Reached skill level 15 in Shields
 84939 | Zot:4    | Reached skill level 22 in Dodging
 85090 | Zot:4    | Noticed Parghit
 85094 | Zot:4    | Killed Parghit
 85269 | Zot:4    | Noticed an electric golem
 85271 | Zot:4    | Killed an electric golem
 85273 | Zot:4    | Noticed an electric golem
 85277 | Zot:4    | Killed an electric golem
 85320 | Zot:4    | Identified the ring "Doll" {rElec rCorr Str-3 Dex+2}
 85552 | Zot:4    | Killed Tiejaxt's ghost
 85634 | Zot:5    | Entered Level 5 of the Realm of Zot
 85654 | Zot:5    | Identified the +12 shortbow of Okawaru's Indignation
                  | {heavy, rF- rCorr Int+5 Stlth+}
 85715 | Zot:5    | Reached skill level 16 in Armour
 85986 | Zot:5    | Noticed a curse toe
 85990 | Zot:5    | Killed a curse toe
 86223 | Zot:5    | Noticed an orb of fire
 86226 | Zot:5    | Gained mutation: You occasionally shout uncontrollably at
                  | your foes. [an orb of fire]
 86226 | Zot:5    | Noticed an ancient lich
 86227 | Zot:5    | Noticed an orb of fire
 86229 | Zot:5    | Killed an orb of fire
 86231 | Zot:5    | Gained mutation: You are occasionally teleported next to
                  | monsters. [an orb of fire]
 86231 | Zot:5    | Noticed a Killer Klown
 86232 | Zot:5    | Reached skill level 16 in Shields
 86232 | Zot:5    | Killed an ancient lich
 86232 | Zot:5    | Killed an orb of fire
 86233 | Zot:5    | Killed a Killer Klown
 86301 | Zot:5    | Noticed an orb of fire
 86312 | Zot:5    | Killed an orb of fire
 86319 | Zot:5    | Noticed an electric golem
 86324 | Zot:5    | Killed an electric golem
 86378 | Zot:5    | Noticed a Killer Klown
 86378 | Zot:5    | Noticed a Killer Klown
 86378 | Zot:5    | Noticed a Killer Klown
 86381 | Zot:5    | Reached skill level 23 in Dodging
 86382 | Zot:5    | Killed a Killer Klown
 86388 | Zot:5    | Reached skill level 17 in Armour
 86391 | Zot:5    | Killed a Killer Klown
 86395 | Zot:5    | Killed a Killer Klown
 86506 | Zot:5    | Noticed a Killer Klown
 86509 | Zot:5    | Killed a Killer Klown
 86577 | Zot:5    | Noticed a Killer Klown
 86580 | Zot:5    | Killed a Killer Klown
 86630 | Zot:5    | Noticed an orb of fire
 86635 | Zot:5    | Killed an orb of fire
 86636 | Zot:5    | Reached skill level 17 in Shields
 86647 | Zot:5    | Noticed a Killer Klown
 86649 | Zot:5    | Noticed a dread lich
 86650 | Zot:5    | Killed a dread lich
 86652 | Zot:5    | Noticed a Killer Klown
 86655 | Zot:5    | Killed a Killer Klown
 86660 | Zot:5    | Killed a Killer Klown
 86764 | Zot:5    | Noticed a dread lich
 86766 | Zot:5    | Killed a dread lich
 86883 | Zot:5    | Noticed an electric golem
 86891 | Zot:5    | Killed an electric golem
 87650 | Zot:5    | Lost mutation: Your body sometimes deteriorates upon taking
                  | damage. [potion of mutation]
 87650 | Zot:5    | Lost mutation: You occasionally shout uncontrollably at
                  | your foes. [potion of mutation]
 87650 | Zot:5    | Gained mutation: Your mind is acute. (Int +4, Str/Dex -1)
                  | [potion of mutation]
 87650 | Zot:5    | Gained mutation: Your spells are a little easier to cast,
                  | but a little less powerful. [potion of mutation]
 87651 | Zot:5    | Lost mutation: Your spells are a little easier to cast, but
                  | a little less powerful. [potion of mutation]
 87651 | Zot:5    | Lost mutation: Your mind is acute. (Int +4, Str/Dex -1)
                  | [potion of mutation]
 87651 | Zot:5    | Lost mutation: You are occasionally teleported next to
                  | monsters. [potion of mutation]
 87651 | Zot:5    | Gained mutation: You have a beak for a mouth. [potion of
                  | mutation]
 87651 | Zot:5    | Gained mutation: Your movements are slightly less
                  | encumbered by armour. (ER -2) [potion of mutation]
 87651 | Zot:5    | Gained mutation: You are weak. (Str -2) [potion of
                  | mutation]
 87652 | Zot:5    | Got the Orb of Zot
 87893 | Depths:1 | Noticed Joebbemp the pandemonium lord
 87896 | Depths:1 | Killed Joebbemp the pandemonium lord
 88008 | D:15     | Noticed Vuschoim the pandemonium lord
 88012 | D:15     | Killed Vuschoim the pandemonium lord
 88193 | D:5      | Noticed Ijosau the pandemonium lord
 88235 | D:3      | Reached skill level 18 in Armour
 88352 | Temple   | Entered the Ecumenical Temple
 88359 | Temple   | Became a worshipper of Zin the Law-Giver
 88359 | Temple   | Reached * piety under Zin
 88359 | Temple   | Reached ** piety under Zin
 88429 | D:$      | Escaped with the Orb!

Vanquished Creatures
  the Royal Jelly (Slime:5)
  3 pandemonium lords
  10 dread liches
  6 ancient liches
  4 orbs of fire (Zot:5)
  The ghost of Tiejaxt the Cloud Mage, a master TeAE of Lugonu (Zot:4)
  Xtahua (Vaults:1)
  7 Killer Klowns (Zot:5)
  Sojobo (Vaults:3)
  Vv (Depths:2)
  Bai Suzhen (Vaults:5)
  the Lernaean hydra (Swamp:4)
  Parghit (Zot:4)
  Saint Roka (Depths:2)
  4 curse toes
  Nikola (Elf:1)
  12 golden dragons
  Norris (Vaults:3)
  6 caustic shrikes
  2 bone dragons
  The ghost of Emoisch the Slayer, an adept MiFi of Okawaru (Zot:3)
  2 Brimstone Fiends
  Jorgrun (Spider:2)
  4 electric golems
  2 Ice Fiends
  2 hellephants
  12 tentacled monstrosities
  Zenata (Vaults:3)
  28 Orb Guardians
  6 liches
  5 quicksilver dragons
  2 deep elf blademasters (Elf:3)
  Asterion (Depths:2)
  A deep elf master archer (Elf:3)
  6 ancient champions
  24 acid blobs
  7 death cobs
  6 titans
  Frances (Spider:2)
  A tentacled starspawn (Zig:10)
  8 sphinxes
  Gastronok (Lair:2)
  Aizul (Swamp:4)
  11 shadow dragons
  16 tengu reavers
  3 thorn hunters
  7 storm dragons
  A nagaraja (Zig:8)
  A shadow dragon (shapeshifter) (Zig:2)
  Donald (Swamp:4)
  9 rockslimes
  A fenstrider witch (Swamp:1)
  9 fire giants
  Roxanne (Swamp:2)
  The ghost of Ruxiki the Unseen, an adept VSBr of Uskayaw (Spider:1)
  12 azure jellies
  2 protean progenitors
  A revenant (Crypt:2)
  10 draconian monks
  8 ghost moths
  7 deep elf sorcerers
  5 frost giants
  6 draconian knights
  9 emperor scorpions
  11 draconian scorchers
  An iron dragon (Depths:3)
  8 draconian shifters
  3 curse skulls
  12 vault wardens
  5 deep elf elementalists (Elf:3)
  5 ghouls (Crypt:2)
  2 balrugs
  5 draconian stormcallers
  An orc warlord (Vaults:2)
  4 ironbound thunderhulks
  5 reapers
  A caustic shrike skeleton (Crypt:2)
  15 ironbound preservers
  21 stone giants
  10 draconian annihilators
  6 broodmothers
  13 quicksilver oozes
  3 formless jellyfish
  3 cacodemons
  A juggernaut skeleton (Crypt:3)
  23 very ugly things
  14 green draconians
  6 vampire knights
  9 eleionomae
  8 deep elf demonologists
  14 white draconians
  15 black draconians
  7 deep elf annihilators
  8 deep elf death magi
  3 war gargoyles (Vaults:5)
  3 bunyips
  11 yellow draconians
  3 spark wasps
  A minotaur (Gauntlet)
  10 red draconians
  16 dire elephants
  2 green deaths (Depths:2)
  5 eidola
  8 purple draconians
  A mummy priest (Crypt:3)
  12 fire dragons
  2 spectral golden dragons (Zot:4)
  14 yaktaur captains
  Josephine (D:10)
  4 deep elf high priests (Elf:3)
  2 spriggan zombies
  A quicksilver dragon zombie (Crypt:3)
  6 entropy weavers
  9 jiangshi (Crypt:1)
  5 great orbs of eyes
  8 ettins
  A rakshasa (Depths:2)
  6 ice dragons
  3 spriggan air magi
  2 quicksilver dragon skeletons
  2 ghost crabs
  A caustic shrike simulacrum (IceCv)
  25 vault guards (Vaults:5)
  Harold (Lair:1)
  A salamander tyrant (Zig:8)
  3 fenstrider witch zombies
  5 alligators
  2 spriggan skeletons (Crypt:3)
  A bennu zombie (Crypt:2)
  19 hydras
  A fenstrider witch skeleton (Crypt:1)
  3 radroaches
  2 hell beasts (D:6)
  11 ironbound frosthearts
  2 death knights (Crypt:1)
  3 ogre magi
  A satyr (Zot:2)
  8 centaur warriors
  11 boulder beetles
  2 naga warriors (Zig:8)
  The ghost of Bravepunisher the Nimble, a journeyman SpMo of Trog (D:11)
  21 dancing weapons
  9 deep troll earth magi
  2 deep troll shamans
  A titan zombie (Crypt:3)
  2 spectral storm dragons (Zot:4)
  9 vampire magi
  A shock serpent (Zig:8)
  6 demonic crawlers
  12 tengu warriors
  3 two-headed ogres
  A thrashing horror (Zig:10)
  Urug (D:10)
  2 orc high priests
  A naga sharpshooter (Zig:8)
  5 spriggan berserkers
  7 soul eaters
  A shock serpent (shapeshifter) (Vaults:2)
  23 deep elf knights
  A sun demon (Depths:2)
  14 hell knights
  An iron troll (Depths:4)
  A titan skeleton (Vaults:4)
  3 skysharks (shapeshifter)
  25 skeletal warriors
  2 spectral yellow draconians (Zot:4)
  7 goliath frogs
  4 spriggan druids
  A shadow demon (D:3)
  8 skysharks
  A spatial maelstrom (Zig:10)
  A spark wasp zombie (Depths:2)
  2 sixfirhies (D:3)
  5 pharaoh ants
  A spectral red draconian (Zot:4)
  40 deep trolls
  17 bog bodies
  10 swamp dragons
  3 anaconda zombies (Crypt:3)
  15 deep elf archers
  An anaconda (shapeshifter) (Depths:2)
  A mana viper (Zig:8)
  5 glowing orange brains
  11 orb spiders
  6 steelbarb worms
  7 arcanists
  18 phantasmal warriors
  A harpy (Vaults:3)
  15 ironbound convokers
  29 deep elf pyromancers
  A lightning spire (Zot:4)
  5 starcursed masses (Zig:10)
  3 obsidian statues
  4 orc knights
  2 lindwurms (Vaults:4)
  21 necromancers
  An eleionoma zombie (Crypt:2)
  22 wolf spiders
  A shadow dragon skeleton (Crypt:3)
  A stone giant zombie (Crypt:3)
  10 shining eyes
  35 deep elf zephyrmancers
  2 orc sorcerers (Depths:2)
  A human zombie (Vaults:4)
  An alligator zombie (Crypt:2)
  2 large abominations (Zig:10)
  A cyclops (shapeshifter) (Depths:2)
  51 ugly things
  A manticore (D:11)
  A shining eye (shapeshifter) (D:15)
  2 worldbinders (Zig:10)
  2 cyclopes (D:14)
  2 will-o-the-wisps
  21 moths of wrath
  A moth of wrath (shapeshifter) (D:15)
  A meliai (shapeshifter) (D:14)
  A dire elephant zombie (Crypt:3)
  A stone giant skeleton (Depths:2)
  9 black mambas
  2 naga zombies
  3 eyes of devastation
  An elephant (Lair:3)
  A fire giant skeleton (Depths:2)
  A guardian serpent (Zig:8)
  19 vault sentinels
  A smoke demon (D:1)
  An elf zombie (Vaults:4)
  A black mamba (shapeshifter) (D:15)
  6 cane toads
  Maggie (D:10)
  A storm dragon simulacrum (Zot:4)
  3 orange demons
  5 torpor snails
  An alligator snapping turtle zombie (Crypt:1)
  3 dire elephant skeletons
  2 unseen horrors (D:12)
  2 centaur skeletons
  3 kobold demonologists
  2 rime drakes
  3 komodo dragons
  5 swamp worm zombies (Crypt:1)
  26 yaktaurs
  23 freezing wraiths
  An alligator snapping turtle skeleton (Crypt:3)
  A steelbarb worm zombie (Crypt:2)
  A golden dragon simulacrum (Zot:4)
  An anaconda simulacrum (IceCv)
  3 guardian mummies
  A red draconian skeleton (Crypt:2)
  6 tengu conjurers
  A red devil (D:15)
  A merfolk (shapeshifter) (Vaults:5)
  2 bloated husks
  4 harpy zombies (Crypt:3)
  13 hellwings (Crypt:3)
  7 tyrant leeches
  13 hornets
  A polar bear (Lair:2)
  7 trolls
  A polar bear (shapeshifter) (D:15)
  A sun moth zombie (Crypt:1)
  8 glass eyes
  2 alligator simulacra (IceCv)
  A harpy skeleton (Crypt:3)
  31 tarantellas
  8 blink frogs
  A glass eye (shapeshifter) (D:15)
  A draconian simulacrum (Zot:4)
  A fire dragon zombie (Crypt:2)
  The ghost of SigmundSlayer the Digger, an amateur DsEE (D:4)
  116 slime creatures
  2 raiju (Zig:10)
  A snapping turtle (shapeshifter) (Zig:2)
  A human simulacrum (Vaults:4)
  25 culicivoras
  An air elemental (Elf:3)
  22 jumping spiders
  13 spriggans
  An ettin skeleton (Crypt:3)
  3 shadows
  13 wraiths
  2 ynoxinuls (Depths:2)
  2 wyverns
  An ushabti (Crypt:3)
  16 water elementals
  2 dire elephant simulacra (IceCv)
  18 yaks
  2 yaks (shapeshifter)
  A spriggan (shapeshifter) (Elf:1)
  2 vampires
  8 fire elementals
  3 jumping spiders (shapeshifter)
  13 golden eyes
  Grum (D:9)
  4 neqoxecs (Zig:10)
  2 steam dragons
  A green draconian simulacrum (Zot:4)
  24 vampire mosquitoes
  A basilisk (Lair:1)
  A warg (D:15)
  A black draconian simulacrum (Zot:4)
  59 redbacks
  2 harpy simulacra (IceCv)
  9 water moccasins
  A spatial vortex (Zig:10)
  A naga (Zig:8)
  18 swamp worms
  A fire bat skeleton (Crypt:1)
  2 hell hounds (Lair:5)
  An acid dragon (D:12)
  4 hydra simulacra (IceCv)
  2 naga skeletons (Crypt:3)
  A merfolk skeleton (Crypt:1)
  A sky beast (D:7)
  10 swamp drakes
  2 moth of wrath simulacra (Zot:4)
  9 orc warriors
  A demonspawn skeleton (Crypt:1)
  3 black bears
  9 laughing skulls
  An ettin simulacrum (IceCv)
  A swamp dragon zombie (Crypt:1)
  A merfolk simulacrum (Crypt:1)
  4 wolves
  11 boggarts
  7 ogres
  10 centaurs
  2 kobold brigands
  6 earth elementals
  4 bullfrogs
  A deep troll simulacrum (IceCv)
  A gnoll sergeant (D:10)
  A necrophage (Crypt:2)
  6 wyvern skeletons (Crypt:3)
  5 scorpions
  10 wights
  8 killer bees
  2 electric eels
  3 howler monkeys
  A lava snake (Lair:5)
  A bullfrog zombie (D:4)
  2 centaur zombies
  5 jellies
  2 bombardier beetles
  11 orc priests
  6 hounds
  5 iguanas
  10 orc wizards
  2 hell rats (Lair:4)
  A crocodile skeleton (Crypt:1)
  4 mummies (Zig:1)
  2 howler monkey zombies
  15 gnolls
  5 adders
  A river rat (Lair:3)
  4 ufetubi
  5 dart slugs
  3 ribbon worms
  43 orcs
  11 endoplasms
  3 giant cockroaches
  12 goblins
  9 hobgoblins
  A jackal (D:3)
  12 kobolds
  4 quokkas
  6 ball pythons
  8 bats
  2 frilled lizards
  A quokka skeleton (Crypt:1)
  9 rats
  176 fire vortices
2501 creatures vanquished.

Vanquished Creatures (collateral kills)
  A Killer Klown (Zot:5)
  A golden dragon (Zot:5)
  A tentacled monstrosity (Zot:4)
  A death cob (Zot:4)
  A vault warden (Vaults:2)
  The ghost of Pixtaico the Unseen, an adept FeNe of Elyvilon (Vaults:2)
  A white draconian (Zot:4)
  A purple draconian (Zot:2)
  A red draconian (Zig:12)
  An eidolon (Crypt:2)
  An entropy weaver (Vaults:2)
  8 hydras
  A catoblepas (Lair:5)
  4 ogre magi (Orc:2)
  A quicksilver dragon skeleton (Crypt:3)
  A radroach (Spider:1)
  A jorogumo (Spider:1)
  A caustic shrike simulacrum (IceCv)
  4 centaur warriors
  16 two-headed ogres
  A satyr (Zot:2)
  4 dancing weapons (Elf:2)
  5 death yaks (Lair:5)
  A boulder beetle (D:12)
  A thrashing horror (Zig:10)
  A deep troll earth mage (D:15)
  A demonic crawler (Spider:1)
  2 hell knights
  A skyshark (Lair:4)
  A skeletal warrior (Crypt:1)
  A fire crab (Lair:5)
  2 pharaoh ants (Spider:1)
  A swamp dragon (Swamp:4)
  A sun moth (Spider:1)
  A phantasmal warrior (D:14)
  2 orc knights
  A deep elf zephyrmancer (Elf:2)
  A deep elf pyromancer (Elf:2)
  15 ugly things
  5 cyclopes
  2 wolf spiders
  2 manticores
  2 fauns (Zot:1)
  8 elephants
  A moth of wrath (D:13)
  4 kobold blastminers
  4 black mambas
  A black mamba (shapeshifter) (D:15)
  3 molten gargoyles (Lair:5)
  A large abomination (Zig:4)
  A torpor snail (Lair:2)
  3 cane toads
  An efreet (D:14)
  4 rime drakes
  5 freezing wraiths (IceCv)
  5 ice devils
  9 komodo dragons
  A tengu conjurer (D:14)
  2 trolls (shapeshifter)
  A merfolk (D:9)
  5 trolls
  A tyrant leech (Lair:3)
  5 polar bears
  A hornet (D:9)
  3 tarantellas
  A dream sheep (Lair:3)
  4 blink frogs
  An alligator simulacrum (IceCv)
  4 slime creatures
  2 jumping spiders (Spider:1)
  A shadow (D:11)
  4 wyverns
  A vampire (D:12)
  A culicivora (Spider:4)
  5 yaks
  4 wraiths
  7 basilisks
  4 small abominations (Gauntlet)
  2 dire elephant simulacra (IceCv)
  A human (shapeshifter) (D:15)
  5 redbacks
  8 vampire mosquitoes
  2 steam dragons (Lair:5)
  3 harpy simulacra
  2 acid dragons
  A swamp worm (Lair:3)
  7 water moccasins
  A hydra simulacrum (IceCv)
  2 hell hounds (Lair:5)
  7 orc warriors
  2 sky beasts (D:7)
  20 ogres
  9 wolves
  11 centaurs
  A kobold brigand (D:10)
  5 bullfrogs
  A deep troll simulacrum (IceCv)
  2 gnoll sergeants (D:9)
  A scorpion (Lair:2)
  A two-headed ogre simulacrum (Lair:4)
  5 wights
  3 lindwurm simulacra (IceCv)
  5 killer bees
  2 electric eels (D:10)
  4 lava snakes (Lair:5)
  7 orc priests
  2 hounds (D:10)
  4 jellies (Lair:4)
  An iguana (D:5)
  9 orc wizards
  5 hell rats
  2 spriggan simulacra
  2 troll simulacra (Lair:4)
  A wolf simulacrum (Lair:4)
  7 gnolls
  2 river rats (Lair:3)
  A white imp (D:7)
  An ufetubus (D:6)
  The ghost of pop the Changeling, a weakling FoSh (D:13)
  30 orcs
  7 rats (Lair:3)
  An aspiring flesh (Zot:1)
406 creatures vanquished.

Vanquished Creatures (others)
  A dancing weapon (Elf:1)
  A large abomination (Zig:10)
  A freezing wraith (Vaults:5)
  A shadow (D:12)
  A hound (D:10)
  2 orcs (Orc:1)
  159 fire vortices
  2 foxfires (Swamp:3)
  29 snaplasher vines
197 creatures vanquished.

Grand Total: 3104 creatures vanquished

Table legend: (Time is in decaauts)
 A = Elapsed time spent in this place.
 B = Non-inter-level travel time spent in this place.
 C = Inter-level travel time spent in this place.
 D = Time resting spent in this place.
 E = Time spent auto-exploring this place.
 F = Levels seen in this place.
 G = Mean time per level.
                   A        B        C        D        E       F      G
               +--------+--------+--------+--------+--------+-----+--------+
         Total |  88587 |  82068 |   6519 |  16513 |  49232 |  71 | 1247.7 |
       Dungeon |  25993 |  23347 |   2646 |   3812 |  14650 |  15 | 1732.9 |
        Temple |     14 |      4 |     10 |      0 |      0 |   1 |   14.0 |
          Lair |  10662 |   9637 |   1025 |   2106 |   5844 |   5 | 2132.4 |
         Swamp |   3436 |   3287 |    149 |    580 |   2089 |   4 |  859.0 |
   Spider Nest |   4846 |   4690 |    156 |   1489 |   2333 |   4 | 1211.5 |
    Slime Pits |   5246 |   5142 |    104 |   1749 |   2027 |   5 | 1049.2 |
  Orcish Mines |   2546 |   2435 |    111 |    556 |   1464 |   2 | 1273.0 |
   Elven Halls |   4439 |   4257 |    182 |    322 |   3124 |   3 | 1479.7 |
        Vaults |   9794 |   8964 |    830 |    893 |   6561 |   5 | 1958.8 |
         Crypt |   3864 |   3544 |    320 |    175 |   2603 |   3 | 1288.0 |
        Depths |   6496 |   5866 |    630 |   1080 |   3600 |   4 | 1624.0 |
           Zot |   6775 |   6424 |    351 |   1781 |   3687 |   5 | 1355.0 |
      Ziggurat |   1859 |   1859 |      0 |   1034 |    412 |  12 |  154.9 |
        Bazaar |    183 |    183 |      0 |     69 |     75 |   1 |  183.0 |
      Ice Cave |    990 |    990 |      0 |    186 |    401 |   1 |  990.0 |
      Gauntlet |   1437 |   1437 |      0 |    681 |    361 |   1 | 1437.0 |
               +--------+--------+--------+--------+--------+-----+--------+

Top non-repeatable levels by time:
    D:10: 4654 daAuts
  Lair:5: 4211 daAuts
Depths:2: 2773 daAuts
    D:15: 2546 daAuts
   Zot:1: 2542 daAuts
Vaults:1: 2262 daAuts
    D:12: 2192 daAuts
Vaults:3: 2090 daAuts
   Zot:5: 2086 daAuts
Vaults:4: 2086 daAuts
    D:11: 2053 daAuts
 Slime:5: 2029 daAuts
     D:9: 2028 daAuts
   Orc:2: 2004 daAuts
    D:14: 1913 daAuts

Table legend:
 A = Non-vault XP
 B = Vault XP
 C = Vault XP percentage of total XP
 D = Non-vault monster count
 E = Vault monster count
 F = Vault count percentage of total count
                 A         B        C        D         E       F
            +---------+---------+-------+---------+---------+-------
      Total |  901917 |  815077 |  47.5 |    1655 |    1032 |  38.4
            +---------+---------+-------+---------+---------+-------
        D:1 |      42 |       9 |  17.6 |      15 |       3 |  16.7
        D:2 |      99 |      20 |  16.8 |      26 |       7 |  21.2
        D:3 |      45 |      14 |  23.7 |      16 |       5 |  23.8
        D:4 |     177 |     546 |  75.5 |      14 |      11 |  44.0
        D:5 |     641 |       0 |   0.0 |      13 |       0 |   0.0
        D:6 |     815 |       0 |   0.0 |      20 |       0 |   0.0
        D:7 |    1611 |       0 |   0.0 |      18 |       0 |   0.0
        D:8 |    2368 |       0 |   0.0 |      32 |       0 |   0.0
        D:9 |    1224 |    1743 |  58.7 |      22 |      20 |  47.6
       D:10 |    3268 |    4586 |  58.4 |      27 |      33 |  55.0
       D:11 |    4118 |    1584 |  27.8 |      15 |       4 |  21.1
       D:12 |    3641 |    7876 |  68.4 |      12 |      22 |  64.7
       D:13 |    8393 |    5571 |  39.9 |      27 |      10 |  27.0
       D:14 |   17996 |    2161 |  10.7 |      44 |       3 |   6.4
       D:15 |   15296 |   19106 |  55.5 |      30 |      41 |  57.7
     Lair:1 |    4850 |    1554 |  24.3 |      19 |       3 |  13.6
     Lair:2 |    4598 |    1472 |  24.3 |      20 |       1 |   4.8
     Lair:3 |    3375 |    3040 |  47.4 |      12 |      18 |  60.0
     Lair:4 |    3429 |    4698 |  57.8 |      17 |      24 |  58.5
     Lair:5 |   12298 |    9930 |  44.7 |      26 |      36 |  58.1
    Swamp:1 |   13061 |       0 |   0.0 |      22 |       0 |   0.0
    Swamp:2 |   11656 |    1335 |  10.3 |      21 |       1 |   4.5
    Swamp:3 |   11834 |   11028 |  48.2 |      23 |      21 |  47.7
    Swamp:4 |   14412 |   25908 |  64.3 |      25 |      35 |  58.3
   Spider:1 |   16377 |   10442 |  38.9 |      47 |      12 |  20.3
   Spider:2 |   23175 |    3480 |  13.1 |      63 |       2 |   3.1
   Spider:3 |   10768 |       0 |   0.0 |      31 |       0 |   0.0
   Spider:4 |   20065 |   22636 |  53.0 |      42 |      34 |  44.7
    Slime:1 |   14260 |       0 |   0.0 |      23 |       0 |   0.0
    Slime:2 |    9737 |       0 |   0.0 |      19 |       0 |   0.0
    Slime:3 |   12474 |       0 |   0.0 |      26 |       0 |   0.0
    Slime:4 |   12125 |       0 |   0.0 |      19 |       0 |   0.0
    Slime:5 |   13531 |   30765 |  69.5 |      38 |      23 |  37.7
      Orc:1 |    2699 |       0 |   0.0 |      35 |       0 |   0.0
      Orc:2 |    2341 |   15812 |  87.1 |      29 |      37 |  56.1
      Elf:1 |   18022 |   10436 |  36.7 |      31 |      14 |  31.1
      Elf:2 |   25067 |   22492 |  47.3 |      46 |      30 |  39.5
      Elf:3 |   18928 |   39503 |  67.6 |      31 |      46 |  59.7
   Vaults:1 |   33469 |   14392 |  30.1 |      46 |      15 |  24.6
   Vaults:2 |   20005 |   19732 |  49.7 |      37 |      25 |  40.3
   Vaults:3 |   16438 |   24735 |  60.1 |      24 |      23 |  48.9
   Vaults:4 |   23523 |   17460 |  42.6 |      43 |      25 |  36.8
   Vaults:5 |   19236 |  121774 |  86.4 |      33 |      94 |  74.0
    Crypt:1 |   30858 |   16716 |  35.1 |      48 |      25 |  34.2
    Crypt:2 |   27465 |    9816 |  26.3 |      39 |      10 |  20.4
    Crypt:3 |       0 |   61290 | 100.0 |       0 |     107 | 100.0
   Depths:1 |   17710 |       0 |   0.0 |      21 |       0 |   0.0
   Depths:2 |   32522 |   52951 |  62.0 |      43 |      48 |  52.7
   Depths:3 |   29530 |   17502 |  37.2 |      35 |      15 |  30.0
   Depths:4 |   33215 |   18206 |  35.4 |      33 |      15 |  31.2
      Zot:1 |   42317 |    4886 |  10.4 |      37 |       3 |   7.5
      Zot:2 |   28219 |    3576 |  11.2 |      26 |       3 |  10.3
      Zot:3 |   19394 |   25976 |  57.3 |      14 |       7 |  33.3
      Zot:4 |   34292 |   21854 |  38.9 |      28 |      21 |  42.9
      Zot:5 |   47107 |  105218 |  69.1 |      35 |      42 |  54.5
      Zig:1 |     421 |       0 |   0.0 |       5 |       0 |   0.0
      Zig:2 |    1635 |       0 |   0.0 |       2 |       0 |   0.0
      Zig:3 |    6738 |       0 |   0.0 |       2 |       0 |   0.0
      Zig:4 |    7276 |       0 |   0.0 |       3 |       0 |   0.0
      Zig:5 |    5584 |       0 |   0.0 |       5 |       0 |   0.0
      Zig:6 |    6225 |       0 |   0.0 |       6 |       0 |   0.0
      Zig:7 |   12000 |       0 |   0.0 |       7 |       0 |   0.0
      Zig:8 |   10318 |       0 |   0.0 |      14 |       0 |   0.0
      Zig:9 |   11991 |       0 |   0.0 |      10 |       0 |   0.0
     Zig:10 |   12634 |       0 |   0.0 |      24 |       0 |   0.0
     Zig:11 |   14600 |       0 |   0.0 |      22 |       0 |   0.0
     Zig:12 |   18379 |       0 |   0.0 |      17 |       0 |   0.0
      IceCv |       0 |   18121 | 100.0 |       0 |      51 | 100.0
   Gauntlet |       0 |    3125 | 100.0 |       0 |       7 | 100.0
            +---------+---------+-------+---------+---------+-------
